 Dungeon Crawl Stone Soup version 0.31-a0-1172-g9944ec47dd (webtiles) character file.

Game seed: 14717937182950236827

1163036 hikkokomori the Archmage (level 27, -15/176 HPs)
             Began as a Gargoyle Earth Elementalist on Dec 7, 2023.
             Was an Initiate of Gozag.
             Killed from afar by a Hell Sentinel (51 damage)
             ... with damnation
             ... on level 6 of the Iron City of Dis on Dec 11, 2023.
             The game lasted 08:34:25 (133832 turns).

hikkokomori the Archmage (GrEE)                   Turns: 133832, Time: 08:34:26

Health: -15/176    AC: 56    Str: 27    XL:     27
Magic:  3/63       EV: 11    Int: 40    God:    Gozag
Gold:   6630       SH: 20    Dex: 10    Spells: 5/80 levels left

rFire   + + +        v - staff of Disgust {rF+ MP+9 Str+3 Conj}
rCold   + + .        o - +5 kite shield {reflect}
rNeg    + . .        Z - +8 orange crystal plate armour {Archmagi, Int+3 Clar}
rPois   ∞            O - +3 crown of Dyrovepreva {rElec Int+2 SInv}
rElec   +            A - scarf "Odwisuok" {shadows, Regen+ Int+4}
rCorr   .            c - -2 pair of gloves of the Monk {Regen+ Stlth+}
SInv    +            b - +2 pair of boots {Stlth+}
Will    +....        w - amulet of magic regeneration
Stlth   +            H - ring "Rynluip" {Contam Drain rElec rC++ Int+6}
HPRegen 2.09/turn    G - ring of Peorip {Wiz rF+ Will- Str+7}
MPRegen 0.78/turn

%: reflection, clarity, wizardry (x1), archmagi
@: gold aura, flying, hasted, studying 6 skills, corroded, very quick
A: sickness immunity, AC +20, big wings, negative energy resistance 1,
electricity resistance, torment resistance 1, petrification resistance, fire
resistance 1, frail 1, mutation resistance 1, sense surroundings 2, screaming 1
}: 10/15 runes: serpentine, barnacled, slimy, silver, obsidian, demonic,
glowing, magical, fiery, dark
a: Renounce Religion, Potion Petition, Call Merchant, Bribe Branch


You were on level 6 of the Iron City of Dis.
You worshipped Gozag.
Gozag was greatly pleased with you.
You visited 16 branches of the dungeon, and saw 71 of its levels.
You visited Pandemonium 2 times, and saw 10 of its levels.
You visited the Abyss 1 time.
You completed 1 ziggurat, and saw 27 of its levels.
You also visited: Ice Cave and Wizlab.

You collected 64505 gold pieces.
You spent 16728 gold pieces at shops.
You paid 41147 gold pieces to Gozag.

Inventory:

Hand Weapons
 d - the +11 hand cannon of Dakhoc {penet, rN+ Dex+3}
   (You found it on level 27 of a ziggurat)

   Dex+3:     It affects your dexterity (+3).
   rN+:       It protects you from negative energy.
 m - the +13 sceptre of Asmodeus
   (You took it off Asmodeus on level 7 of Gehenna)

   Fire Summon: It may summon demons of flame and damnation when striking foes.
Missiles
 D - 10 throwing nets
Armour
 b - a +2 pair of boots of stealth (worn)
 c - the -2 pair of gloves of the Monk (worn) {Regen+ Stlth+}
   (You bought it in a shop on level 1 of the Lair of Beasts)

   Regen+:    It increases your rate of health regeneration.
   Stlth+:    It makes you more stealthy.
 o - a +5 kite shield of reflection (worn)
 A - the scarf "Odwisuok" (worn) {shadows, Regen+ Int+4}
   (You acquired it on level 7 of the Dungeon)

   Int+4:     It affects your intelligence (+4).
   Regen+:    It increases your rate of health regeneration.
 B - a +4 tower shield of resistance
 J - the +4 faerie dragon scales {rCorr Int+4 Dex+6}
   (You took it off the Enchantress on level 1 of the Depths)

   Int+4:     It affects your intelligence (+4).
   Dex+6:     It affects your dexterity (+6).
   rCorr:     It protects you from acid and corrosion.
 O - the +3 crown of Dyrovepreva (worn) {rElec Int+2 SInv}
   (You acquired it on level 2 of the Depths)

   Int+2:     It affects your intelligence (+2).
   rElec:     It insulates you from electricity.
   SInv:      It lets you see invisible.
 Z - the +8 orange crystal plate armour (worn) {Archmagi, Int+3 Clar}
   (You bought it in a shop on level 1 of the Depths)

   Int+3:     It affects your intelligence (+3).
   Clar:      It protects you from confusion, rage, mesmerisation and fear.
Magical Staves
 j - the staff of the Saviour {Fly rElec rF+ rN+ SInv Fire}
   (You found it on level 5 of the Pits of Slime)

   [staff of fire]

   Base accuracy: +5 Base damage: 5 Base attack delay: 1.2 This weapon's minimum
   attack delay (0.6) is reached at skill level 12.
   rF+:       It protects you from fire.
   rElec:     It insulates you from electricity.
   rN+:       It protects you from negative energy.
   SInv:      It lets you see invisible.
   Fly:       It grants you flight.
   Fire:      It increases the power of your Fire spells.
   It falls into the 'Staves' category.
   It is a one-handed weapon.
 q - the staff of Qonk {rElec Str+6 Air}
   (You found it on level 3 of the Elven Halls)

   [staff of air]

   Base accuracy: +5 Base damage: 5 Base attack delay: 1.2 This weapon's minimum
   attack delay (0.6) is reached at skill level 12.
   Str+6:     It affects your strength (+6).
   rElec:     It insulates you from electricity.
   Air:       It increases the power of your Air spells.
   It falls into the 'Staves' category.
   It is a one-handed weapon.
 v - the staff of Disgust (weapon) {rF+ MP+9 Str+3 Conj}
   (You found it on level 16 of a ziggurat)

   [staff of conjuration]

   Base accuracy: +5 Base damage: 5 Base attack delay: 1.2 This weapon's minimum
   attack delay (0.6) is reached at skill level 12.
   Str+3:     It affects your strength (+3).
   rF+:       It protects you from fire.
   MP+9:      It affects your magic capacity (+9).
   Conj:      It increases the power of your Conjurations spells.
   It falls into the 'Staves' category.
   It is a one-handed weapon.
 y - the staff "Tor Sain" {Drain rC+++ Int-3 Dex+4 Earth}
   (You found it on level 27 of a ziggurat)

   [staff of earth]

   Base accuracy: +5 Base damage: 5 Base attack delay: 1.2 This weapon's minimum
   attack delay (0.6) is reached at skill level 12.
   Int-3:     It affects your intelligence (-3).
   Dex+4:     It affects your dexterity (+4).
   rC+++:     It renders you almost immune to cold.
   Drain:     It drains your maximum health when unequipped.
   Earth:     It increases the power of your Earth spells.
   It falls into the 'Staves' category.
   It is a one-handed weapon.
Jewellery
 e - the ring "Vebujin" {Fire rN+ Int+3 Dex+5}
   (You took it off a cherub in Pandemonium)

   [ring of fire]

   Fire:      It enhances your fire magic.
   Int+3:     It affects your intelligence (+3).
   Dex+5:     It affects your dexterity (+5).
   rF+:       It protects you from fire.
   rC-:       It makes you vulnerable to cold.
   rN+:       It protects you from negative energy.
 r - the ring "Kaczy" {Str+3 Int+6 Dex+5}
   (You found it on level 24 of a ziggurat)

   [ring of intelligence]

   Str+3:     It affects your strength (+3).
   Int+6:     It affects your intelligence (+6).
   Dex+5:     It affects your dexterity (+5).
 w - an amulet of magic regeneration (around neck)
 F - the ring "Ybueteg" {rElec rC+ SInv}
   (You bought it in a shop on level 2 of the Depths)

   [ring of see invisible]

   rC+:       It protects you from cold.
   rElec:     It insulates you from electricity.
   SInv:      It lets you see invisible.
 G - the ring of Peorip (right hand) {Wiz rF+ Will- Str+7}
   (You bought it in a shop on level 2 of the Depths)

   [ring of wizardry]

   Wiz:       It improves your spell success rate.
   Str+7:     It affects your strength (+7).
   rF+:       It protects you from fire.
   Will-:     It decreases your willpower.
 H - the ring "Rynluip" (left hand) {Contam Drain rElec rC++ Int+6}
   (You acquired it in Pandemonium)

   [ring of intelligence]

   Int+6:     It affects your intelligence (+6).
   rC++:      It greatly protects you from cold.
   rElec:     It insulates you from electricity.
   Contam:    It causes magical contamination when unequipped.
   Drain:     It drains your maximum health when unequipped.
 U - the ring "Ecwune" {rC+ Will+ Int+6}
   (You took it off an orc on level 10 of the Dungeon)

   [ring of intelligence]

   Int+6:     It affects your intelligence (+6).
   rC+:       It protects you from cold.
   Will+:     It increases your willpower.
Wands
 u - a wand of mindburst (68)
 z - a wand of quicksilver (52)
 P - a wand of digging (20)
 Q - a wand of iceblast (87)
Scrolls
 i - 43 scrolls of teleportation
 t - 14 scrolls of blinking
 C - 8 scrolls of amnesia
 I - 16 scrolls of fear
 K - 15 scrolls of fog
 L - 10 scrolls of revelation
 X - 8 scrolls of enchant armour
 Y - 2 scrolls of butterflies
Potions
 a - 5 potions of resistance
 f - 17 potions of enlightenment
 g - 8 potions of brilliance
 h - 9 potions of haste
 l - 11 potions of heal wounds
 n - 19 potions of curing
 p - 10 potions of magic
 s - 6 potions of cancellation
 x - 18 potions of mutation
 E - 5 potions of ambrosia
 N - 7 potions of invisibility
 W - 4 potions of might
Miscellaneous
 k - a phial of floods
 M - a lightning rod (4/4)
 R - a tin of tremorstones (2/2)
 S - a +1 figurine of a ziggurat
 V - a phantom mirror


   Skills:
 + Level 26.4 Fighting
 - Level 2.7 Short Blades
 - Level 12.0 Staves
 - Level 6.9 Throwing
 + Level 23.3 Armour
 - Level 17.0 Dodging
 - Level 17.9 Stealth
 - Level 21.4 Shields
 O Level 27 Spellcasting
 - Level 25.7 Conjurations
 - Level 11.7 Summonings
 - Level 7.5 Translocations
 - Level 0.8 Transmutations
 + Level 25.5 Fire Magic
 + Level 7.5 Air Magic
 + Level 25.0 Earth Magic
 + Level 19.2 Evocations


You had 5 spell levels left.
You knew the following spells:

 Your Spells              Type           Power      Damage    Failure   Level
a - Shatter               Erth           77%        3d56*     4%          9
b - Summon Forest         Summ/Tloc      57%        N/A       1%          5
c - Passwall              Tmut/Erth      100%       N/A       1%          2
d - Ignition              Fire           78%        3d20      1%          8
e - Chain Lightning       Conj/Air       80%        3d107     78%         9
f - Lehudib's Crystal Sp  Conj/Erth      91%        10d20     1%          8
g - Bombard               Conj/Erth      91%        9d14      0%          6
h - Fire Storm            Conj/Fire      91%        8d23      3%          9
i - Borgnjor's Vile Clut  Necr/Erth      62%        N/A       1%          5
j - Orb of Destruction    Conj           91%        9d20      1%          7
k - Spellforged Servitor  Conj/Summ      83%        N/A       1%          7

Your spell library contained the following spells:

 Spells                   Type           Power      Damage    Failure   Level
 Foxfire                  Conj/Fire      100%       2x1d9     0%          1
 Kiss of Death            Conj/Necr      100%       2d13      0%          1
 Magic Dart               Conj           100%       1d8       0%          1
 Sandblast                Erth           100%       2d20      0%          1
 Shock                    Conj/Air       100%       1d9       0%          1
 Momentum Strike          Conj/Tloc      100%       3d10      0%          2
 Searing Ray              Conj           100%       2d8       0%          2
 Static Discharge         Conj/Air       100%       3-8/arc   0%          2
 Stone Arrow              Conj/Erth      100%       3d13      0%          3
 Volatile Blastmotes      Fire/Tloc      100%       2d18      0%          3
 Animate Armour           Summ/Erth      100%       N/A       0%          4
 Brom's Barrelling Bould  Conj/Erth      100%       2d11      0%          4
 Flame Wave               Conj/Fire      100%       2d21      0%          4
 Sticky Flame             Conj/Fire      100%       2d11      0%          4
 Fireball                 Conj/Fire      91%        3d33      0%          5
 Iskenderun's Battlesphe  Conj           100%       2d15      0%          5
 Lee's Rapid Deconstruct  Erth           77%        3d35*     0%          5
 Apportation              Tloc           100%       N/A       1%          1
 Freeze                   Ice            100%       1d10      1%          1
 Necrotise                Necr           100%       1d9       1%          1
 Slow                     Hex            100%       N/A       1%          1
 Sting                    Tmut/Pois      100%       1d8       1%          1
 Summon Small Mammal      Summ           100%       N/A       1%          1
 Blink                    Tloc           100%       N/A       1%          2
 Call Imp                 Summ           100%       N/A       1%          2
 Ensorcelled Hibernation  Hex/Ice        100%       N/A       1%          2
 Jinxbite                 Hex            100%       N/A       1%          2
 Lesser Beckoning         Tloc           100%       N/A       1%          2
 Poisonous Vapours        Pois/Air       100%       N/A       1%          2
 Wereblood                Tmut           75%        N/A       1%          2
 Call Canine Familiar     Summ           100%       N/A       1%          3
 Dazzling Flash           Conj/Hex       100%       N/A       1%          3
 Gell's Gravitas          Tloc           100%       N/A       1%          3
 Hailstorm                Conj/Ice       100%       3d16      1%          3
 Ignite Poison            Fire/Tmut/Pois 100%       N/A       1%          3
 Inner Flame              Hex/Fire       100%       N/A       1%          3
 Mephitic Cloud           Conj/Pois/Air  100%       N/A       1%          3
 Summon Guardian Golem    Hex/Summ       100%       N/A       1%          3
 Swiftness                Air            100%       N/A       1%          3
 Teleport Other           Tloc           100%       N/A       1%          3
 Airstrike                Air            53%        2d(8-24)  1%          4
 Fulminant Prism          Conj/Hex       75%        3d31      1%          4
 Iskenderun's Mystic Bla  Conj/Tloc      100%       2d19      1%          4
 Leda's Liquefaction      Hex/Erth       62%        N/A       1%          4
 Manifold Assault         Tloc           100%       N/A       1%          4
 Passage of Golubria      Tloc           100%       N/A       1%          4
 Petrify                  Tmut/Erth      100%       N/A       1%          4
 Summon Ice Beast         Ice/Summ       100%       N/A       1%          4
 Summon Lightning Spire   Summ/Air       100%       N/A       1%          4
 Vhi's Electric Charge    Tloc/Air       100%       N/A       1%          4
 Arcjolt                  Conj/Air       80%        1d90      1%          5
 Freezing Cloud           Conj/Ice/Air   72%        6-21      1%          5
 Irradiate                Conj/Tmut      75%        3d36      1%          5
 Dimensional Bullseye     Hex/Tloc       45%        N/A       2%          4
 Confusing Touch          Hex            69%        N/A       4%          3
 Frozen Ramparts          Ice            100%       1d16      4%          3
 Ozocubu's Armour         Ice            69%        N/A       4%          3
 Sigil of Binding         Hex            69%        N/A       4%          3
 Tukima's Dance           Hex            69%        N/A       4%          3
 Vampiric Draining        Necr           69%        2d10      4%          3
 Silence                  Hex/Air        45%        N/A       8%          5
 Anguish                  Hex/Necr       34%        N/A       13%         4
 Cause Fear               Hex            34%        N/A       13%         4
 Dispel Undead            Necr           69%        3d23      13%         4
 Olgreb's Toxic Radiance  Pois           69%        N/A       13%         4
 Alistair's Intoxication  Tmut/Pois      48%        N/A       28%         5
 Yara's Violent Unravell  Hex/Tmut       36%        3d15      28%         5
 Agony                    Necr           69%        N/A       32%         5
 Metabolic Englaciation   Hex/Ice        34%        N/A       32%         5
 Starburst                Conj/Fire      91%        6d23      0%          6
 Conjure Ball Lightning   Conj/Air       80%        3x3d30    1%          6
 Plasma Beam              Fire/Air       68%        2x1d84    1%          6
 Dispersal                Tloc           53%        N/A       9%          6
 Summon Hydra             Summ           61%        N/A       9%          7
 Malign Gateway           Summ/Tloc      57%        N/A       21%         7
 Summon Horrible Things   Summ           61%        N/A       54%         8
 Haunt                    Necr/Summ      50%        N/A       65%         7
 Eringya's Noxious Bog    Tmut/Pois      36%        4d6       82%         6
 Death Channel            Necr           34%        N/A       86%         6
 Disjunction              Tloc           53%        N/A       97%         8
 Maxwell's Capacitive Co  Air            53%        ∞         97%         8
 Enfeeble                 Hex            34%        N/A       100%        7
 Ozocubu's Refrigeration  Ice            34%        4d15      100%        7
 Borgnjor's Revivificati  Necr           34%        N/A       100%        8
 Discord                  Hex            34%        N/A       100%        8
 Infestation              Necr           34%        N/A       100%        8
 Death's Door             Necr           34%        N/A       100%        9
 Dragon's Call            Summ           61%        N/A       100%        9
 Polar Vortex             Ice            34%        12d4*     100%        9
 Cigotuvi's Dreadful Rot  Necr/Pois/Air  Unusable   N/A       N/A         2
 Animate Dead             Necr           Unusable   N/A       N/A         4
 Simulacrum               Ice/Necr       Unusable   N/A       N/A         6

Dungeon Overview and Level Annotations

Branches:
Dungeon (15/15)            Temple (1/1) D:5            Lair (5/5) D:10
 Shoals (4/4) Lair:2        Snake (4/4) Lair:3        Slime (5/5) Lair:4
    Orc (2/2) D:12            Elf (3/3) Orc:2        Vaults (5/5) D:14
  Crypt (3/3) Vaults:3       Tomb (1/3) Crypt:3      Depths (4/4) D:15
   Hell (visited)             Dis (5/7) Hell            Geh (7/7) Hell
    Coc (0/7) Hell            Tar (0/7) Hell            Zot (5/5) Depths:4
  IceCv (visited)          WizLab (visited)

Altars:
Ashenzari
Cheibriados
Dithmenos
Elyvilon
Fedhas
Gozag
Hepliaklqana
Kikubaaqudgha
Makhleb
Nemelex Xobeh
Okawaru
Qazlal
Ru
Sif Muna
Trog
Uskayaw
Vehumet
Wu Jian
Xom
Yredelemnul
Zin
The Shining One

Shops:
D:10 ??*   Orc:1 :[   Orc:2 *[:(:   Elf:2 =([   Lair:1 *[?   Shoals:4 (
Snake:2 [!*   Vaults:5 =   Depths:1 =[*?=   Depths:2 ![***[[=??[

Portals:
Hell: Depths:1 Depths:2 Depths:3 Depths:4
Abyss: D:4 Depths:1 Depths:3
Pandemonium: Depths:2
Trove: Vaults:1 (give +3 gold dragon scales)

Annotations:
D:4 2 transporters
D:6 2 transporters
D:12 Nessos
D:15 Dulih's ghost, journeyman MiBe
Shoals:2 2 transporters, exclusion: orange crystal statue


Innate Abilities, Weirdness & Mutations

You are immune to sickness and miasma.
Your stone body is resilient. (AC +20)
You are immune to poison.
Your large and strong wings let you fly.
You resist negative energy. (rN+)
You are resistant to electric shocks. (rElec)
You are resistant to unholy torment.
You are immune to petrification.
Your flesh is heat resistant. (rF+)
You are frail. (-10% HP)
You are somewhat resistant to further mutation.
You passively map the area around you.
You occasionally shout uncontrollably at your foes.


Message History

You hit the hellion but do no damage.
You blast the hellion!
You kill the hellion!
Your fire vortex barely misses the Hell Sentinel.
You now have 6630 gold pieces (gained 6).
There is an open door here.
Unknown command.
Something hits the Hell Sentinel.
Casting: Fire Storm (dangerous; 3% risk of failure)
Confirm with . or Enter, or press ? or * to list all spells.
You don't know that spell.
Casting: Fire Storm (dangerous; 3% risk of failure)
Confirm with . or Enter, or press ? or * to list all spells.
You feel a strong surge of power!
You summon a servant imbued with your destructive magic!
Unknown command.
Unknown command.
Casting: Spellforged Servitor (mildly dangerous; 1% risk of failure)
Confirm with . or Enter, or press ? or * to list all spells.
Aiming: Borgnjor's Vile Clutch (mildly dangerous; 1% risk of failure)
Press: ? - help, Shift-Dir - straight line, f - Hell Sentinel
Aim: a Hell Sentinel (ally target, 100% to hit)
You feel a surge of power!
Zombie hands grab the Hell Sentinel.
The zombie hands constrict the Hell Sentinel.
The Hell Sentinel gestures at you.
The sphere of damnation explodes!
The damnation engulfs you!!!
* * * LOW HITPOINT WARNING * * *
You hear a roar!
Unknown command.
Unknown command.
Aiming: Quicksilver Bolt
Press: ? - help, Shift-Dir - straight line, f/p - Hell Sentinel
Aim: a Hell Sentinel (lightly wounded, constricted by zombie hands, ally target, 100% to hit)
The bolt of dispelling energy hits the Hell Sentinel!!
The Hell Sentinel is lightly wounded.
The zombie hands constrict the Hell Sentinel.
The Hell Sentinel gestures at you.
The sphere of damnation explodes!
The damnation engulfs you!!!
You die...
Your body crumbles into a pile of gold.

, ####.## ,, , *,
,,#.....#, **, ,
#..$..#,,, * * ,
#.....##+####+ ,,
+..○.v.v......
*,,
#+##1#..$v.......
#....#..v$$8....8
,
#....#..○1..b....
*
#@..9#+##○$v.....
, #....#
,###+####+
,###### * , , * ,
,,* , , ,, * ,, ,
* * * * * * , *
*** , ,* * ,, + *


You could see a Hell Sentinel (clutched, ally target) and a friendly spellforged
servitor (summoned).

Vanquished Creatures
  Cerebov (Pan)
  Asmodeus (Geh:7)
  Gloorx Vloq (Pan)
  the Royal Jelly (Slime:5)
  Ignacio (Pan)
  Lom Lobon (Pan)
  6 dread liches
  Mnoleg (Pan)
  13 ancient liches
  5 orbs of fire
  A juggernaut (Depths:3)
  7 royal mummies
  Bai Suzhen (Depths:1)
  Frederick (Vaults:2)
  A shard shrike (Zig:5)
  7 Killer Klowns
  Geryon (Hell)
  19 caustic shrikes
  3 curse toes (Zot:5)
  4 pandemonium lords
  A bone dragon (Crypt:3)
  the Enchantress (Depths:1)
  2 pearl dragons (Pan)
  7 golden dragons
  Norris (Depths:1)
  18 Brimstone Fiends
  6 Tzitzimimeh
  7 iron giants
  24 tentacled monstrosities
  10 hellephants
  11 Ice Fiends
  8 titans
  Zenata (Vaults:4)
  A walking crystal tome (Depths:3)
  The ghost of HilariousDeathArtist the Spry, an adept MfHs of Cheibriados (Vaults:2)
  The ghost of Cyommoer the Archmage, an adept DEHW of Vehumet (Depths:3)
  17 Hell Sentinels
  A moon troll (WizLab)
  Asterion (Elf:1)
  19 Orb Guardians (Zot:5)
  25 deep elf blademasters
  12 quicksilver dragons
  8 liches
  A walking divine tome (Depths:3)
  20 deep elf master archers
  15 sphinxes
  19 Executioners
  28 searing wretches
  19 ancient champions
  26 acid blobs
  Frances (Snake:1)
  5 tentacled starspawn
  5 shadow dragons
  21 storm dragons
  6 death cobs
  7 draconian monks
  Donald (Shoals:1)
  11 azure jellies
  14 demonspawn warmongers
  10 daevas (Pan)
  Ilsuiw (Shoals:3)
  Aizul (Snake:1)
  12 tengu reavers
  7 rockslimes
  4 revenants
  14 draconian knights
  Roxanne (D:14)
  4 deep elf sorcerers
  10 nagarajas
  8 frost giants
  3 emperor scorpions (Zig:13)
  10 iron dragons
  28 fire giants
  11 ghost moths
  14 draconian scorchers
  3 narguns (Zig:6)
  21 vault wardens
  11 draconian shifters
  6 deep elf elementalists
  A caustic shrike zombie (Depths:2)
  Louise (Snake:4)
  9 quicksilver elementals
  49 balrugs
  14 draconian annihilators
  22 ironbound preservers
  27 stone giants
  8 draconian stormcallers
  14 orc warlords
  2 broodmothers (Zig:13)
  19 cacodemons
  31 very ugly things
  2 formless jellyfish
  6 spriggan defenders
  14 reapers
  4 curse skulls
  31 angels (Pan)
  11 demonspawn corrupters
  10 quicksilver oozes
  6 ghouls
  17 war gargoyles
  7 ironbound thunderhulks
  A juggernaut skeleton (Crypt:2)
  A caustic shrike skeleton (Depths:2)
  13 demonspawn blood saints
  9 vampire knights
  35 apis (Pan)
  7 dire elephants
  30 deep elf demonologists
  11 ophanim (Pan)
  Azrael (D:14)
  7 green draconians
  9 demonspawn black suns
  26 deep elf annihilators
  4 black draconians
  The ghost of Godezusi the Martial Artist, a journeyman DsFi of Jiyva (Lair:4)
  18 lorocyprocas
  10 yellow draconians
  2 wendigos
  11 red draconians
  11 purple draconians
  7 white draconians
  An eidolon (Crypt:2)
  20 ettins
  9 deep elf death magi
  15 green deaths
  8 blizzard demons
  15 iron golems
  5 merfolk javelineers
  An entropy weaver (shapeshifter) (Zig:25)
  26 deep elf high priests
  3 crystal guardians
  4 merfolk impalers (Shoals:3)
  8 fire dragons
  A spectral spriggan (Geh:1)
  10 mummy priests
  A spectral golden dragon (Geh:1)
  18 yaktaur captains
  12 great orbs of eyes
  5 spriggan zombies
  21 jiangshi
  2 entropy weavers
  The ghost of jasper the Cleaver, a journeyman MeCA of Okawaru (D:11)
  7 ice dragons
  5 rakshasas
  Josephine (Snake:1)
  23 salamander tyrants
  An ice dragon (shapeshifter) (Vaults:3)
  38 vault guards
  8 ogre magi
  7 hydras
  3 peacekeepers
  3 catoblepae
  A merfolk avatar (Shoals:4)
  An alligator (Zig:4)
  15 anacondas
  7 hell beasts
  9 spriggan air magi
  9 ironbound frosthearts
  4 alligator snapping turtles
  15 centaur warriors
  2 sphinx skeletons
  A radroach (Zig:13)
  A spectral stone giant (Geh:1)
  A spriggan skeleton (Pan)
  8 merfolk aquamancers
  6 death knights
  42 dancing weapons
  7 two-headed ogres
  6 satyrs
  9 stokers
  5 boulder beetles
  14 death scarabs
  7 deep troll earth magi
  13 naga warriors
  A tengu warrior (D:15)
  5 death yaks
  6 deep troll shamans
  7 vampire magi
  5 demonic crawlers
  21 orc high priests
  10 naga sharpshooters
  56 hell hogs
  A titan zombie (Hell)
  12 occultists
  A shock serpent (shapeshifter) (Vaults:5)
  3 thrashing horrors (Zig:7)
  Urug (Orc:2)
  9 shock serpents
  32 soul eaters
  An emperor scorpion zombie (Crypt:1)
  6 spriggan berserkers
  46 sun demons
  6 wretched stars
  10 crystal echidnas
  21 deep elf knights
  22 hell knights
  3 salamander mystics
  4 fire crabs (Zig:16)
  A titan skeleton (Zig:18)
  A spatial maelstrom (Zig:7)
  11 iron trolls
  9 shadow wraiths
  6 skysharks
  21 sixfirhies
  28 skeletal warriors
  A spectral anaconda (Snake:3)
  5 death drakes (Zig:19)
  A fire crab (shapeshifter) (D:14)
  7 orange crystal statues
  A storm dragon skeleton (Crypt:1)
  4 pharaoh ants
  A sea snake (shapeshifter) (Depths:4)
  A spectral hydra (Lair:4)
  9 cherubim (Pan)
  A swamp dragon (shapeshifter) (Zig:20)
  52 deep trolls
  A goliath frog (Crypt:1)
  An anaconda zombie (Abyss:1)
  42 large abominations
  A glowing orange brain (shapeshifter) (Depths:3)
  7 shadow demons
  2 golden dragon zombies (Hell)
  5 naga ritualists
  An orb spider (Zig:13)
  13 arcanists
  A quicksilver dragon simulacrum (Crypt:3)
  9 swamp dragons
  19 sea snakes
  11 glowing orange brains
  24 ironbound convokers
  17 phantasmal warriors
  6 lindwurms
  2 bog bodies (Crypt:1)
  7 flayed ghosts
  2 steelbarb worms (Zig:13)
  2 anaconda skeletons
  A bunyip skeleton (Pan)
  14 deep elf archers
  12 orc knights
  5 obsidian statues
  20 harpies
  8 necromancers
  12 starcursed masses
  30 fauns
  A glowing shapeshifter (Zig:20)
  23 deep elf zephyrmancers
  4 mana vipers
  15 orc sorcerers
  26 deep elf pyromancers
  4 frost giant zombies (Hell)
  4 shining eyes
  2 stone giant zombies
  A cyclops (shapeshifter) (Vaults:5)
  4 will-o-the-wisps (Zig:16)
  Maurice (Orc:1)
  2 wolf spiders (Zig:13)
  9 cyclopes
  An iron dragon skeleton (Zig:18)
  A manticore (shapeshifter) (Depths:3)
  10 salamanders
  An iron dragon zombie (Zig:18)
  3 spectral centaurs
  A tengu skeleton (Zig:18)
  A shadow dragon skeleton (Zig:18)
  26 ugly things
  14 manticores
  2 elephants (Lair:5)
  A frost giant skeleton (Depths:2)
  An apocalypse crab (Abyss:1)
  10 merfolk sirens
  40 black mambas
  4 ice statues
  3 guardian serpents
  23 naga magi
  34 moths of wrath
  A stone giant skeleton (Pan)
  7 kobold blastminers
  A black mamba (shapeshifter) (D:14)
  46 smoke demons
  24 vault sentinels
  17 eyes of devastation
  4 water nymphs
  7 rust devils
  A purple draconian zombie (Crypt:2)
  8 molten gargoyles (Geh:7)
  A torpor snail (shapeshifter) (Vaults:5)
  19 orange demons
  3 torpor snails
  4 gargoyles
  3 unseen horrors
  35 hellions
  12 cane toads
  Maggie (D:6)
  A sea snake zombie (Hell)
  A centaur skeleton (Pan)
  An alligator snapping turtle skeleton (Pan)
  5 rime drakes
  8 komodo dragons
  3 dire elephant skeletons (Pan)
  8 freezing wraiths
  3 anaconda simulacra
  13 ice devils
  2 tengu conjurers
  5 kobold demonologists
  43 yaktaurs
  3 ancient zymes
  21 guardian mummies
  16 tormentors
  10 efreet
  A merfolk (shapeshifter) (Depths:2)
  3 red devils
  6 wind drakes
  An unseen horror skeleton (Crypt:1)
  4 hydra zombies (Hell)
  A catoblepas skeleton (Pan)
  A meliai (shapeshifter) (Vaults:5)
  2 polar bears
  14 trolls
  5 hornets
  A polar bear (shapeshifter) (Zig:25)
  Grinder (D:6)
  A sea snake skeleton (Snake:3)
  26 merfolk
  2 tarantellas (Zig:13)
  12 hellwings
  2 spectral guardian serpents (Snake:3)
  2 harpy skeletons (Pan)
  2 hydra skeletons
  A raiju (Abyss:1)
  2 ettin zombies (Hell)
  7 dream sheep
  7 snapping turtles
  8 glass eyes
  Sigmund (D:4)
  28 blink frogs
  A spectral dream sheep (Lair:4)
  A jumping spider (Zig:3)
  3 dire elephant simulacra (IceCv)
  87 slime creatures
  7 spriggans
  7 air elementals
  2 culicivoras
  41 flying skulls
  A spriggan (shapeshifter) (Elf:1)
  A satyr skeleton (Crypt:2)
  4 vampires
  15 water elementals
  2 wyverns
  4 ettin skeletons (Pan)
  9 ushabtiu
  A shadow (Crypt:3)
  The ghost of javelincjr the Magician, an amateur SpCj (D:4)
  20 wraiths
  37 ynoxinuls
  5 fire elementals
  30 golden eyes
  36 yaks
  A human (shapeshifter) (D:14)
  16 vampire mosquitoes
  33 neqoxecs
  4 basilisks
  45 chaos spawn
  A sea snake simulacrum (Hell)
  2 steam dragons (D:6)
  15 wargs
  A death yak simulacrum (IceCv)
  2 glowing shapeshifter zombies (Zig:18)
  5 small abominations
  2 harpy simulacra (IceCv)
  53 nagas
  A tengu zombie (Hell)
  A skyshark zombie (Crypt:1)
  8 hell hounds
  5 acid dragons (Zig:19)
  A sky beast (D:7)
  2 guardian serpent simulacra (Snake:3)
  5 hydra simulacra
  18 water moccasins
  5 ice beasts
  3 black bears
  63 orc warriors
  18 ogres
  2 boggarts (Depths:2)
  17 wolves
  7 centaurs
  A swamp dragon skeleton (Pan)
  3 phantoms
  A salamander zombie (Crypt:2)
  Blork the orc (D:4)
  10 kobold brigands
  4 earth elementals
  2 necrophages
  2 scorpions
  2 two-headed ogre simulacra (Orc:1)
  3 gnoll sergeants
  8 bullfrogs
  4 wights (D:7)
  A raiju zombie (Crypt:1)
  7 killer bees
  2 spectral nagas (Snake:3)
  An elephant simulacrum (IceCv)
  3 howler monkeys (D:8)
  2 nameless horrors
  A rime drake simulacrum (Lair:4)
  2 spectral wolves (Depths:2)
  7 electric eels
  A torpor snail simulacrum (Lair:4)
  6 crimson imps (Pan)
  2 jellies
  A gnoll bouda (D:5)
  26 orc priests
  3 hounds
  4 iguanas
  Natasha (thrice) (D:3)
  31 orc wizards
  2 sleepcaps
  Ijyb (D:3)
  A troll simulacrum (Orc:1)
  6 hell rats
  A boggart skeleton (Crypt:2)
  2 spriggan simulacra
  2 wolf simulacra
  2 naga skeletons
  39 mummies
  8 adders
  16 gnolls
  6 naga simulacra
  2 river rats (D:10)
  A shadow imp (D:6)
  6 white imps
  2 ufetubi (Abyss:1)
  4 worms
  3 dart slugs
  76 orcs
  7 ball pythons
  5 endoplasms
  3 giant cockroaches
  9 goblins
  9 hobgoblins
  22 kobolds
  7 quokkas
  2 bats
  A frilled lizard (D:1)
  11 rats
  A ball lightning (Pan)
  9 creeping infernos
  18 fire vortices
  9 starspawn tentacles (WizLab)
4183 creatures vanquished.

Vanquished Creatures (collateral kills)
  A seraph (Pan)
  2 ancient liches
  2 orbs of fire
  A royal mummy (Zig:9)
  2 pandemonium lords (Pan)
  2 Killer Klowns (Zot:5)
  2 curse toes
  5 golden dragons
  A profane servitor (Crypt:3)
  2 caustic shrikes (Dis:3)
  2 bone dragons (Depths:4)
  3 Brimstone Fiends (Zig:26)
  2 Tzitzimimeh (Pan)
  4 electric golems
  A lich (Tomb:1)
  9 tentacled monstrosities
  A Hell Sentinel (Dis:3)
  6 Orb Guardians (Zot:5)
  8 acid blobs
  2 searing wretches
  4 sphinxes
  A titan (Depths:2)
  3 ancient champions
  A quicksilver dragon (Depths:4)
  5 Executioners (Pan)
  A death cob (Zot:3)
  2 shadow dragons
  4 storm dragons
  A revenant (Crypt:2)
  6 draconian monks
  3 rockslimes
  A demonspawn warmonger (Pan)
  7 draconian knights
  6 daevas (Pan)
  A vault warden (Vaults:5)
  4 fire giants
  4 ghouls (Crypt:2)
  4 iron dragons
  13 angels
  10 balrugs
  A reaper (Crypt:1)
  A curse skull (Crypt:1)
  3 demonspawn blood saints
  2 draconian stormcallers
  3 draconian shifters
  2 orc warlords
  9 cacodemons (Pan)
  2 demonspawn corrupters (Pan)
  2 draconian scorchers
  A war gargoyle (Dis:4)
  10 ophanim (Pan)
  6 quicksilver oozes
  5 draconian annihilators
  An ironbound preserver (Vaults:4)
  A very ugly thing (Depths:2)
  8 apis (Pan)
  2 stone giants
  A vampire knight (Crypt:2)
  A black draconian (Zot:1)
  3 lorocyprocas
  A deep elf demonologist (Zig:25)
  A spark wasp (Depths:3)
  9 red draconians
  2 demonspawn black suns (Pan)
  3 green draconians
  A deep elf annihilator (Vaults:5)
  6 yellow draconians
  2 white draconians
  A deep elf death mage (Crypt:3)
  4 iron golems
  2 purple draconians
  An ettin (Depths:3)
  4 green deaths
  3 blizzard demons
  3 fire dragons
  2 mummy priests
  A jiangshi (Crypt:1)
  A deep elf high priest (Zig:25)
  2 great orbs of eyes
  3 ice dragons
  A hell beast (Pan)
  4 rakshasas
  A deep troll shaman (Depths:3)
  2 death knights
  2 dancing weapons (Zig:25)
  A bennu zombie (Crypt:2)
  7 death scarabs (Tomb:1)
  A demonic crawler (Pan)
  A death yak (D:10)
  A hell hog (Hell)
  A spectral dire elephant (Crypt:3)
  2 occultists (Pan)
  A vampire mage (Crypt:1)
  11 skeletal warriors
  26 sun demons (Pan)
  6 soul eaters
  A fire crab (Zig:16)
  A hell knight (Vaults:5)
  A titan skeleton (Pan)
  A wretched star (Abyss:1)
  2 iron trolls (Depths:3)
  A skyshark (Depths:1)
  8 sixfirhies
  8 cherubim (Pan)
  2 shadow demons (Pan)
  2 glowing orange brains (Pan)
  A steelbarb worm (shapeshifter) (Crypt:1)
  A flayed ghost (Crypt:3)
  5 phantasmal warriors
  2 bunyip skeletons
  2 necromancers
  An arcanist (Pan)
  A stone giant zombie (Depths:2)
  4 ugly things (Depths:1)
  An orc knight (Orc:1)
  A deep elf pyromancer (Zig:25)
  5 large abominations
  A cyclops (Orc:1)
  4 shining eyes
  A wolf spider (Crypt:1)
  4 moths of wrath
  2 rust devils (Pan)
  A torpor snail (Zig:13)
  10 smoke demons (Pan)
  A naga mage (Zig:24)
  4 eyes of devastation
  7 orange demons (Pan)
  A naga skeleton (Pan)
  An unseen horror (Crypt:1)
  5 freezing wraiths
  4 yaktaurs
  A tormentor (Zig:26)
  6 efreet (Pan)
  5 guardian mummies
  4 hellwings (Pan)
  6 red devils
  A nameless horror (Zot:1)
  2 raiju (Abyss:1)
  A glass eye (Slime:3)
  2 hornets (Depths:2)
  21 flying skulls
  15 slime creatures
  2 spriggans (Depths:2)
  3 starcursed masses (Abyss:1)
  A water elemental (Hell)
  2 ushabtiu (Tomb:1)
  5 ynoxinuls
  3 wraiths (Crypt:1)
  2 yaks (D:11)
  A vampire (Depths:2)
  5 neqoxecs
  3 golden eyes
  4 chaos spawn (Pan)
  2 small abominations
  A swamp drake (Zig:19)
  A faun skeleton (Crypt:1)
  An orc warrior (Orc:1)
  2 wolves (Depths:2)
  6 necrophages
  A scorpion (Crypt:1)
  A yak zombie (Crypt:2)
  2 crimson imps (Pan)
  A quasit (Abyss:1)
  2 hell rats
  A killer bee zombie (Crypt:2)
  A tengu skeleton (Crypt:1)
  9 mummies
  An orc (Orc:1)
  A giant cockroach (Crypt:1)
  A quokka (D:10)
  A ball lightning (Pan)
  13 boulders
  A fire vortex (Zig:21)
564 creatures vanquished.

Vanquished Creatures (others)
  An eldritch tentacle (Pan)
  2 salamander tyrants
  A merfolk aquamancer (Shoals:4)
  2 stokers
  A sixfirhy (Pan)
  An orc knight (Orc:2)
  2 deep elf pyromancers
  2 vault sentinels (Vaults:1)
  A naga mage (Snake:4)
  A hellion (Pan)
  A yaktaur (Vaults:1)
  A polar bear (Zig:24)
  A ynoxinul (Pan)
  A chaos spawn (Pan)
  A naga (Snake:4)
  A swamp drake (Zig:19)
  A jelly (D:7)
  2 hell rats (D:10)
  3 orcs
  7 ball lightnings (Pan)
  15 boulders
  262 fire vortices
  9 foxfires (Zig:16)
  5 snaplasher vines
  9 starspawn tentacles
333 creatures vanquished.

Grand Total: 5080 creatures vanquished

Notes
Turn   | Place    | Note
-------+----------+-------------------------------------------
     0 | D:1      | hikkokomori the Gargoyle Earth Elementalist began the quest
                  | for the Orb.
     0 | D:1      | Reached XP level 1. HP: 10/10 MP: 3/3
   192 | D:1      | Reached XP level 2. HP: 16/16 MP: 1/5
   226 | D:1      | Reached skill level 1 in Fighting
   580 | D:1      | Reached XP level 3. HP: 20/20 MP: 4/6
  1198 | D:2      | Found a faded altar of an unknown god.
  1200 | D:2      | Found a white marble altar of Elyvilon.
  1458 | D:2      | Reached XP level 4. HP: 26/26 MP: 5/7
  1694 | D:3      | Noticed Natasha
  1700 | D:3      | Killed Natasha
  1712 | D:3      | Reached XP level 5. HP: 9/31 MP: 1/8
  1924 | D:3      | Noticed Ijyb
  1947 | D:3      | Learned a level 3 spell: Stone Arrow
  1949 | D:3      | Killed Ijyb
  1950 | D:3      | Reached skill level 5 in Earth Magic
  2045 | D:3      | Noticed Natasha
  2048 | D:3      | Killed Natasha
  2123 | D:3      | You fall into a shaft and drop 2 floors!
  2123 | D:5      | Entered Level 5 of the Dungeon
  2148 | D:5      | Reached skill level 1 in Conjurations
  2182 | D:5      | Found a staircase to the Ecumenical Temple.
  2215 | D:5      | Reached XP level 6. HP: 37/37 MP: 6/9
  2239 | Temple   | Entered the Ecumenical Temple
  2309 | Temple   | Became a worshipper of Gozag Ym Sagoz the Greedy
  2408 | D:4      | Noticed a black bear
  2411 | D:4      | Killed a black bear
  2697 | D:4      | Reached XP level 7. HP: 42/42 MP: 6/10
  2769 | D:4      | Found a transporter.
  2772 | D:4      | Noticed Sigmund
  2782 | D:4      | Killed Sigmund
  2783 | D:4      | Reached skill level 5 in Stealth
  3005 | D:4      | Noticed javelincjr's ghost (amateur SpCj)
  3008 | D:4      | Found a one-way gate to the infinite horrors of the Abyss.
  3033 | D:4      | Noticed a small abomination
  3034 | D:4      | Found a transporter.
  3042 | D:4      | Noticed a small abomination
  3042 | D:4      | Noticed a small abomination
  3311 | D:4      | Noticed Blork the orc
  3317 | D:4      | Killed Blork the orc
  3660 | D:3      | Noticed Natasha
  3665 | D:3      | Killed Natasha
  3666 | D:3      | Reached XP level 8. HP: 48/48 MP: 8/11
  4272 | D:5      | Reached skill level 5 in Fighting
  5474 | D:6      | Reached skill level 5 in Conjurations
  5484 | D:6      | Reached XP level 9. HP: 55/55 MP: 3/12
  5492 | D:6      | Noticed Grinder
  5495 | D:6      | Noticed Maggie
  5576 | D:6      | Noticed a cyclops
  5577 | D:6      | Found a transporter.
  5594 | D:6      | Found a glowing golden altar of the Shining One.
  5604 | D:6      | Found a transporter.
  5626 | D:6      | Killed Grinder
  5634 | D:6      | Killed Maggie
  6304 | D:7      | Identified a scroll of acquirement
  6304 | D:7      | Acquired the scarf "Odwisuok" {shadows, Regen+ Int+4}
  6470 | D:7      | Reached skill level 1 in Evocations
  6470 | D:7      | Reached XP level 10. HP: 63/63 MP: 6/13
  7196 | D:7      | Learned a level 2 spell: Passwall
  7201 | D:7      | Learned a level 4 spell: Brom's Barrelling Boulder
  7592 | D:8      | Noticed a two-headed ogre
  7593 | D:8      | Reached skill level 3 in Spellcasting
  7598 | D:8      | Killed a two-headed ogre
  8429 | D:9      | Reached skill level 10 in Earth Magic
  8659 | D:9      | Found an ancient bone altar of Kikubaaqudgha.
  8660 | D:9      | Found a glowing silver altar of Zin.
  8661 | D:9      | Found a sparkling altar of Nemelex Xobeh.
  8674 | D:9      | Found a shimmering altar of Xom.
  8678 | D:9      | Found a bloodstained altar of Trog.
  8767 | D:9      | Reached skill level 4 in Spellcasting
  9546 | D:10     | Entered Level 10 of the Dungeon
  9584 | D:10     | Found Pixethrept's Magic Scroll Emporium.
  9585 | D:10     | Found Kyul Voxt's Magic Scroll Emporium.
  9587 | D:10     | Found Jainnuug's General Store.
  9592 | D:10     | Bought a scroll of enchant armour for 120 gold pieces
  9592 | D:10     | Bought a scroll of teleportation for 48 gold pieces
  9592 | D:10     | Bought a scroll of identify for 32 gold pieces
  9592 | D:10     | Bought a scroll of fear for 64 gold pieces
  9655 | D:10     | Identified the ring "Ecwune" {rC+ Will+ Int+6}
  9659 | D:10     | Noticed a kobold demonologist
  9829 | D:10     | Noticed a two-headed ogre
  9842 | D:11     | Reached XP level 11. HP: 66/71 MP: 3/18
  9848 | D:11     | Reached skill level 5 in Spellcasting
 10075 | D:11     | Noticed a two-headed ogre
 10081 | D:11     | Killed a two-headed ogre
 10355 | D:11     | Noticed a deep elf pyromancer
 10359 | D:11     | Killed a deep elf pyromancer
 10664 | D:11     | Found a runed translucent gate.
 10664 | D:11     | Found a runed translucent gate.
 10664 | D:11     | Found a runed translucent gate.
 10667 | D:11     | Noticed jasper's ghost (journeyman MeCA)
 10807 | D:11     | Noticed a boulder beetle
 10813 | D:11     | Killed a boulder beetle
 10814 | D:11     | Reached skill level 5 in Evocations
 11043 | D:12     | Found a staircase to the Orcish Mines.
 11334 | D:12     | Noticed Nessos
 11388 | D:12     | Reached skill level 10 in Fighting
 11390 | D:12     | Noticed a boulder beetle
 11424 | D:12     | Killed a boulder beetle
 11425 | D:12     | Reached skill level 6 in Spellcasting
 11654 | D:12     | Learned a level 5 spell: Arcjolt
 12041 | D:12     | Noticed a cyclops
 12056 | D:12     | Reached skill level 1 in Air Magic
 12059 | D:12     | Killed a cyclops
 12060 | D:12     | Reached XP level 12. HP: 61/78 MP: 7/21
 12562 | D:10     | Killed a two-headed ogre
 12840 | D:10     | Noticed a death yak
 12843 | D:10     | Noticed a death yak
 12863 | D:10     | Killed a death yak
 12884 | D:10     | Noticed a death yak
 12888 | D:10     | Killed a death yak
 12893 | D:10     | Killed a death yak
 13039 | D:10     | Found a staircase to the Lair.
 13473 | D:10     | Bought a scroll of amnesia for 64 gold pieces
 13473 | D:10     | Bought a scroll of blinking for 120 gold pieces
 13473 | D:10     | Bought a scroll of blinking for 120 gold pieces
 13590 | D:10     | Reached skill level 7 in Spellcasting
 13590 | D:10     | Reached skill level 5 in Air Magic
 13590 | D:10     | Reached XP level 13. HP: 84/84 MP: 21/24
 13657 | Lair:1   | Entered Level 1 of the Lair of Beasts
 13665 | D:10     | HP: 4/84 [black mamba (10)]
 14510 | Lair:1   | Reached skill level 10 in Conjurations
 15089 | Lair:1   | Bought an ancient short sword for 272 gold pieces
 15089 | Lair:1   | Identified the +3 short sword "Letuitar" {freeze, *Slow
                  | Int+3 Stlth+} (You bought it in a shop on level 1 of the
                  | Lair of Beasts)
 15094 | Lair:1   | Bought a scroll of identify for 28 gold pieces
 15094 | Lair:1   | Bought a scroll of identify for 28 gold pieces
 15924 | Lair:2   | Reached skill level 1 in Shields
 16140 | Lair:2   | Found a staircase to the Shoals.
 16492 | Lair:3   | Gained mutation: Your large and strong wings let you fly.
                  | [Gargoyle growth]
 16492 | Lair:3   | Reached XP level 14. HP: 92/92 MP: 12/25
 16629 | Lair:3   | Found a staircase to the Snake Pit.
 17660 | Lair:4   | Identified the +5 flail of Calamity {freeze, +Blink rC+++
                  | Will+++ Dex-3}
 18145 | Lair:4   | Found a runed translucent gate.
 18146 | Lair:4   | Found a runed translucent gate.
 18152 | Lair:4   | Found a runed translucent gate.
 18213 | Lair:4   | Found a staircase to the Slime Pits.
 18366 | Lair:4   | Acquired a book of Dangerous Friends
 18376 | Lair:4   | Learned a level 7 spell: Spellforged Servitor
 18646 | Lair:4   | Noticed Godezusi's ghost (journeyman DsFi)
 18746 | Lair:4   | Killed Godezusi's ghost
 18918 | Lair:4   | Reached skill level 1 in Summonings
 19086 | Lair:4   | Learned a level 8 spell: Lehudib's Crystal Spear
 19094 | Lair:5   | Entered Level 5 of the Lair of Beasts
 19368 | Lair:5   | Reached skill level 8 in Spellcasting
 19709 | Lair:5   | Reached skill level 5 in Shields
 21239 | Lair:5   | Noticed a dire elephant
 21244 | Lair:5   | Reached XP level 15. HP: 97/97 MP: 16/27
 21556 | Lair:1   | Bought a scroll of acquirement for 728 gold pieces
 21556 | Lair:1   | Acquired 523 gold pieces
 21668 | Orc:1    | Entered Level 1 of the Orcish Mines
 21725 | Orc:1    | Found Ceageram's Antique Armour Shoppe.
 21761 | Orc:1    | Reached skill level 9 in Spellcasting
 21955 | Orc:1    | Found a frozen archway.
 22084 | IceCv    | Entered an ice cave
 23231 | Orc:1    | Noticed Maurice
 23267 | Orc:1    | Killed Maurice
 23645 | Orc:2    | Entered Level 2 of the Orcish Mines
 23645 | Orc:2    | Found a staircase to the Elven Halls.
 23771 | Orc:2    | Found Adorhuki's Self-Improvement Boutique.
 24096 | Orc:2    | Noticed an orc warlord
 24112 | Orc:2    | Killed an orc warlord
 24113 | Orc:2    | Reached skill level 1 in Staves
 24588 | Orc:2    | Noticed Urug
 24593 | Orc:2    | Killed Urug
 24615 | Orc:2    | Found Byjitsua's Antique Armour Shoppe.
 24827 | Orc:2    | Found Ewocycho's Book Shoppe.
 24943 | Orc:2    | Found Ahuo's General Store.
 24958 | Orc:2    | Found Saubobroydu's Antique Weapon Shoppe.
 25754 | Orc:2    | Bought a slimy chain mail for 313 gold pieces
 25754 | Orc:2    | Identified the +0 chain mail of Ibipah {Rampage Slay+2}
                  | (You bought it in a shop on level 2 of the Orcish Mines)
 25754 | Orc:2    | Bought a polished scale mail for 297 gold pieces
 25754 | Orc:2    | Identified the +4 scale mail of the Taurataur {rC+} (You
                  | bought it in a shop on level 2 of the Orcish Mines)
 25754 | Orc:2    | Bought a heavily runed chain mail for 313 gold pieces
 25754 | Orc:2    | Identified the +1 chain mail "Liapt" {rF- Regen+ Dex+6}
                  | (You bought it in a shop on level 2 of the Orcish Mines)
 25809 | Orc:1    | Bought a faintly glowing scarf for 280 gold pieces
 25809 | Orc:1    | Identified the scarf of the Glamorous God {harm, rF+ Will+}
                  | (You bought it in a shop on level 1 of the Orcish Mines)
 25819 | Orc:1    | Bought a book of the Earth for 576 gold pieces
 25826 | Orc:1    | Learned a level 6 spell: Bombard
 27096 | D:14     | Noticed Azrael
 27101 | D:14     | Killed Azrael
 27332 | D:14     | Noticed Roxanne
 27337 | D:14     | Killed Roxanne
 27494 | D:14     | Found an ancient bone altar of Kikubaaqudgha.
 28122 | D:14     | Reached XP level 16. HP: 104/104 MP: 4/29
 28473 | D:14     | Reached skill level 10 in Spellcasting
 28556 | D:14     | Found a gate to the Vaults.
 28883 | D:15     | Entered Level 15 of the Dungeon
 28891 | D:15     | Found a runed translucent door.
 28892 | D:15     | Noticed Dulih's ghost (journeyman MiBe)
 29162 | D:15     | Found a staircase to the Depths.
 30271 | Snake:1  | Entered Level 1 of the Snake Pit
 30278 | Snake:1  | Learned a level 5 spell: Lee's Rapid Deconstruction
 30372 | Snake:1  | Identified the serpent talisman "Unej" {Str+5}
 30372 | Snake:1  | Noticed Aizul
 30392 | Snake:1  | Killed Aizul
 30608 | Snake:1  | Reached skill level 15 in Earth Magic
 31952 | Snake:1  | Noticed Josephine
 31955 | Snake:1  | Killed Josephine
 32401 | Snake:1  | Noticed Frances
 32406 | Snake:1  | Killed Frances
 32522 | Snake:1  | Reached skill level 10 in Shields
 33023 | Snake:1  | Identified the +0 chain mail of the Undertaker {Will+
                  | Regen+}
 33757 | Snake:2  | Found a blossoming altar of Fedhas.
 33771 | Snake:2  | Found Norch's Antique Armour Boutique.
 33774 | Snake:2  | Found Icaob's Distillery.
 33909 | Snake:2  | Found Souvamap's Assorted Antiques.
 33918 | Snake:2  | Bought a masterwork robe for 153 gold pieces
 33918 | Snake:2  | Identified the +2 robe of the Plum {rN+ Will- Str+3} (You
                  | bought it in a shop on level 2 of the Snake Pit)
 33922 | Snake:2  | Bought a potion of invisibility for 136 gold pieces
 33922 | Snake:2  | Bought a potion of curing for 51 gold pieces
 33922 | Snake:2  | Bought a potion of might for 68 gold pieces
 33929 | Snake:2  | Bought a lightning rod (4/4) for 1520 gold pieces
 34341 | Snake:2  | Reached XP level 17. HP: 106/111 MP: 2/31
 35749 | Snake:3  | Reached skill level 11 in Spellcasting
 37073 | Snake:4  | Entered Level 4 of the Snake Pit
 38541 | Snake:4  | Noticed Louise
 38592 | Snake:4  | Killed Louise
 39506 | Snake:4  | Reached skill level 15 in Conjurations
 40039 | Snake:4  | Got a serpentine rune of Zot
 40392 | Lair:1   | Bought an embroidered hat for 168 gold pieces
 40392 | Lair:1   | Bought a pair of jewelled gloves for 228 gold pieces
 40392 | Lair:1   | Identified the -2 pair of gloves of the Monk {Regen+
                  | Stlth+} (You bought it in a shop on level 1 of the Lair of
                  | Beasts)
 40599 | Shoals:1 | Entered Level 1 of the Shoals
 41524 | Shoals:1 | Reached XP level 18. HP: 118/118 MP: 4/33
 42118 | Shoals:2 | Noticed Donald
 42137 | Shoals:1 | Killed Donald
 42138 | Shoals:1 | Reached skill level 15 in Fighting
 42660 | Shoals:2 | Found a transporter.
 42683 | Shoals:2 | Found a transporter.
 43525 | Shoals:2 | Reached skill level 12 in Spellcasting
 45786 | Shoals:3 | Noticed Ilsuiw
 46047 | Shoals:4 | Entered Level 4 of the Shoals
 46813 | Shoals:3 | Killed Ilsuiw
 47100 | Shoals:3 | Reached skill level 5 in Staves
 47741 | Shoals:4 | Reached XP level 19. HP: 125/125 MP: 5/35
 48100 | Shoals:4 | Got a barnacled rune of Zot
 48224 | Shoals:4 | Identified the +0 buckler of Dishonesty {+Inv rPois rC+}
 48424 | Shoals:4 | Got Danahock's Handbook of Changing Detritus
 48627 | Shoals:4 | Found Iqepp's Antique Weapon Shop.
 49162 | Elf:1    | Entered Level 1 of the Elven Halls
 49531 | Elf:1    | Identified the +11 halberd of Plague {speed, Int+5}
 50291 | Elf:1    | Noticed Asterion
 50297 | Elf:1    | Killed Asterion
 50439 | Elf:1    | Found a runed translucent gate.
 50439 | Elf:1    | Found a runed translucent gate.
 50439 | Elf:1    | Found a runed translucent gate.
 50439 | Elf:1    | Found a runed translucent gate.
 50441 | Elf:1    | Found a runed translucent gate.
 50441 | Elf:1    | Found a runed translucent gate.
 50804 | Elf:2    | Found Aritzeis's Weapon Emporium.
 50919 | Elf:2    | Found a shimmering blue altar of Sif Muna.
 51007 | Elf:2    | Reached skill level 13 in Spellcasting
 51027 | Elf:2    | Found a runed translucent gate.
 51027 | Elf:2    | Found a runed translucent gate.
 51027 | Elf:2    | Found a runed translucent gate.
 51138 | Elf:2    | Found Bumm's Antique Armour Emporium.
 51264 | Elf:2    | Found Wireroes's Jewellery Shoppe.
 51781 | Elf:2    | Reached skill level 10 in Stealth
 52457 | Vaults:1 | Entered Level 1 of the Vaults
 52712 | Vaults:1 | Reached skill level 10 in Evocations
 52912 | Vaults:1 | Reached XP level 20. HP: 40/132 MP: 5/37
 53780 | Vaults:1 | Found a portal to a secret trove of treasure.
 54446 | Vaults:2 | Noticed Frederick
 54466 | Vaults:2 | Killed Frederick
 54610 | Vaults:2 | Found a runed translucent gate.
 54610 | Vaults:2 | Found a runed translucent gate.
 54610 | Vaults:2 | Found a runed translucent gate.
 54611 | Vaults:2 | Noticed HilariousDeathArtist's ghost (adept MfHs)
 54693 | Vaults:2 | Identified the +3 chain mail of Peammerch {Contam Harm
                  | Will+}
 56304 | Vaults:2 | Acquired the +0 cloak of Unloriys {Regen+ SInv}
 56331 | Vaults:2 | Learned a level 5 spell: Borgnjor's Vile Clutch
 56478 | Vaults:3 | Found a staircase to the Crypt.
 56530 | Vaults:3 | Found a magical portal.
 56557 | WizLab   | Entered Lehudib's Moon Base
 56898 | WizLab   | Reached skill level 14 in Spellcasting
 57295 | WizLab   | Learned a level 7 spell: Orb of Destruction
 57303 | WizLab   | Gained mutation: You are partially covered in iridescent
                  | scales. (AC +2) [a neqoxec]
 57714 | WizLab   | Identified the +0 helmet of Fosk {Dex+3}
 57851 | WizLab   | Reached XP level 21. HP: 127/139 MP: 18/39
 57911 | WizLab   | Found a transporter.
 57919 | WizLab   | Reached skill level 15 in Shields
 58060 | WizLab   | Found a transporter.
 58448 | WizLab   | Got the Catalogue of Dislocated Gusts
 58449 | WizLab   | Identified the ring of Oduqis {Fly rPois Will- Int+3 SInv}
 58494 | WizLab   | Got Lehudib's Verses on Remoulded Oromancy
 58581 | Vaults:3 | Reached skill level 1 in Armour
 59286 | Vaults:3 | Reached skill level 5 in Summonings
 59310 | Vaults:3 | Paralysed by an ogre mage for 4 turns
 59515 | Vaults:3 | Reached skill level 5 in Armour
 59515 | Vaults:3 | Reached XP level 22. HP: 144/144 MP: 40/40
 60377 | Vaults:4 | Noticed Zenata
 60388 | Vaults:4 | Killed Zenata
 60681 | Vaults:4 | Reached skill level 15 in Spellcasting
 61399 | Vaults:4 | Reached XP level 23. HP: 149/149 MP: 30/42
 61923 | Elf:3    | Entered Level 3 of the Elven Halls
 62653 | Elf:3    | Reached skill level 10 in Staves
 62793 | Elf:3    | Identified the +5 quarterstaff of Qaghuif {venom, Contam
                  | rC++ Will+ MP+9}
 63149 | Elf:3    | Found the +3 giant club "Skullcrusher" {speed, Str+7}
 63160 | Elf:3    | Identified the +4 sling "Xanaive" {freeze, Int+3 Stlth+}
 63180 | Elf:3    | Got the Grimoire of Malediction and the Comitatus
 63184 | Elf:3    | Got the Omnibus of the Lungs and Ice
 63186 | Elf:3    | Got the Secrets of the Unstoppable Loafs
 63273 | Elf:3    | Identified the staff of Qonk {rElec Str+6 Air}
 63278 | Elf:3    | Identified the +1 shortbow of the Big Bang {freeze, Dex+4}
 63987 | Depths:1 | Entered Level 1 of the Depths
 64236 | Depths:1 | Noticed Bai Suzhen
 64259 | Depths:1 | Killed Bai Suzhen
 64605 | Depths:1 | Noticed the Enchantress
 64635 | Depths:1 | Killed the Enchantress
 64713 | Depths:1 | Learned a level 7 spell: Spellforged Servitor
 65060 | Depths:1 | Reached skill level 16 in Spellcasting
 65218 | Depths:1 | Found a glowing silver altar of Zin.
 65226 | Depths:1 | Noticed Norris
 65243 | Depths:1 | Killed Norris
 65540 | Depths:1 | Reached XP level 24. HP: 138/156 MP: 3/43
 65629 | Depths:1 | Found a gateway to Hell.
 65916 | Depths:1 | Found a broken altar of Ashenzari.
 66300 | Depths:1 | Bought a scroll of teleportation for 60 gold pieces
 66300 | Depths:1 | Bought a scroll of blinking for 150 gold pieces
 66302 | Depths:1 | Bought a scroll of blinking for 307 gold pieces
 66823 | Slime:1  | Entered Level 1 of the Pits of Slime
 67160 | Slime:1  | Upgraded the game from 0.31-a0-1074-g0b22e4e0f1 to
                  | 0.31-a0-1165-g196b491b36
 69042 | Slime:5  | Entered Level 5 of the Pits of Slime
 69233 | Slime:5  | Reached skill level 10 in Summonings
 69920 | Slime:5  | Noticed the Royal Jelly
 69958 | Slime:5  | Killed the Royal Jelly
 70469 | Slime:5  | Found the ring of the Tortoise {AC+8}
 70474 | Slime:5  | Found the +7 captain's cutlass {speed, disarm}
 70529 | Slime:5  | Identified the staff of the Saviour {Fly rElec rF+ rN+ SInv
                  | Fire}
 70546 | Slime:5  | Got a slimy rune of Zot
 70550 | Slime:5  | Identified the ring of Xom's Best Wishes {rPois rF- rN+
                  | Str+5}
 71231 | Depths:2 | Reached skill level 17 in Spellcasting
 71498 | Depths:2 | Reached XP level 25. HP: 164/164 MP: 29/44
 72266 | Depths:2 | Identified the orb of the Tormentor {guile, rElec}
 72381 | Depths:2 | Found a shimmering blue altar of Sif Muna.
 72642 | Depths:2 | Found a one-way gate leading to the halls of Pandemonium.
 72743 | Depths:2 | Found Qin Sun's General Store.
 72885 | Depths:2 | Found The Legendary Maolas's Legendary Smithy.
 72975 | Depths:2 | Found a bloodstained altar of Trog.
 73038 | Depths:2 | Found Enaxkauv's Miraculous Elixirs.
 73500 | Depths:3 | Identified the amulet "Atetoch" {Regen+ Slay+2}
 73504 | Depths:3 | Identified the +5 morningstar "Demonslayer" {heavy, rCorr}
 73510 | Depths:3 | Identified the ring of Qyblicoe {rPois rN+ rCorr Str-4}
 73564 | Depths:3 | Found a transporter.
 73567 | Depths:3 | Noticed Cyommoer's ghost (adept DEHW)
 73567 | Depths:3 | Noticed a juggernaut
 73813 | Depths:3 | Found a transporter.
 73822 | Depths:3 | Found a one-way gateway to a ziggurat.
 73861 | Depths:3 | Reached skill level 1 in Fire Magic
 73948 | Depths:3 | Identified the ring "Oniat" {Ice rCorr MP+9 SInv}
 74444 | Depths:3 | Found a bloodstained altar of Trog.
 74558 | Depths:3 | Identified the +2 ring mail of the Dungeon {rF++ Will+++
                  | Str-5 Int+4}
 74562 | Depths:3 | Identified the +1 robe "Gidios Boju" {rC+ Str+3}
 75140 | Depths:4 | Entered Level 4 of the Depths
 75837 | Depths:4 | Found a gate to the Realm of Zot.
 76561 | Zot:1    | Entered Level 1 of the Realm of Zot
 76703 | Depths:1 | Bought the +8 orange crystal plate armour {Archmagi, Int+3
                  | Clar} for 5924 gold pieces
 76703 | Depths:1 | Found the +8 orange crystal plate armour {Archmagi, Int+3
                  | Clar}
 78336 | Zot:1    | Reached XP level 26. HP: 168/172 MP: 6/44
 79026 | Zot:1    | Reached skill level 5 in Fire Magic
 79141 | Zot:1    | You are sucked into a shaft and drop 1 floor!
 79151 | Zot:2    | Reached skill level 18 in Spellcasting
 79847 | Zot:1    | Identified the +5 arbalest of Bunemiri {freeze, Contam
                  | rElec rN+}
 80640 | Zot:1    | Noticed an orb of fire
 80644 | Zot:1    | Killed an orb of fire
 80644 | Zot:1    | Noticed an orb of fire
 80651 | Zot:1    | Killed an orb of fire
 80828 | Zot:1    | Identified the +5 falchion "Ycwadoe" {drain, *Slow +Blink
                  | Fly Dex+8}
 80829 | Zot:1    | Found a faded altar of an unknown god.
 80860 | Zot:1    | Identified the +7 morningstar of Resourcefulness {heavy,
                  | rElec Str+2 Int+3}
 80876 | Zot:1    | Identified the +1 ring mail of Amorality {rN+ rCorr}
 80877 | Zot:1    | Identified the +5 scale mail of the Eternal Fruit {rC+
                  | Will+}
 82430 | Zot:2    | Learned a level 9 spell: Shatter
 82437 | Zot:2    | Learned a level 5 spell: Summon Forest
 82501 | Zot:3    | Noticed a Killer Klown
 82603 | Zot:3    | Reached skill level 1 in Translocations
 82603 | Zot:3    | Reached XP level 27. HP: 155/176 MP: 0/45
 82982 | Zot:3    | Acquired 1176 gold pieces
 84247 | Zot:4    | Acquired 1073 gold pieces
 85198 | Zot:5    | Entered Level 5 of the Realm of Zot
 86405 | Crypt:1  | Entered Level 1 of the Crypt
 86755 | Crypt:1  | Reached skill level 19 in Spellcasting
 87083 | Crypt:1  | Found an ancient bone altar of Kikubaaqudgha.
 87218 | Crypt:1  | Identified the +4 rapier "Qior" {freeze, rElec Stlth+}
 87229 | Crypt:1  | Found a runed translucent gate.
 87229 | Crypt:1  | Found a runed translucent gate.
 87229 | Crypt:1  | Found a runed translucent gate.
 87430 | Crypt:1  | Reached skill level 5 in Translocations
 87471 | Crypt:1  | Acquired 420 gold pieces
 88941 | Crypt:3  | Entered Level 3 of the Crypt
 89300 | Crypt:3  | Reached skill level 10 in Fire Magic
 89358 | Crypt:3  | Found a basalt altar of Yredelemnul.
 89612 | Crypt:3  | Reached skill level 15 in Evocations
 90306 | Crypt:3  | Found a staircase to the Tomb.
 91035 | Tomb:1   | Entered Level 1 of the Tomb of the Ancients
 91066 | Tomb:1   | Found the brooch of Shielding {Spirit SH+8}
 91253 | Tomb:1   | Paralysed by a sphinx for 4 turns
 91828 | Tomb:1   | Noticed a royal mummy
 91838 | Tomb:1   | Killed a royal mummy
 91986 | Tomb:1   | Noticed a royal mummy
 91996 | Tomb:1   | Killed a royal mummy
 92377 | Tomb:1   | Identified the ring of the Raven {Ice Will+}
 92855 | Depths:2 | Bought a scroll of acquirement for 884 gold pieces
 92855 | Depths:2 | Acquired the +3 crown of Dyrovepreva {rElec Int+2 SInv}
 92855 | Depths:2 | Found the +3 crown of Dyrovepreva {rElec Int+2 SInv}
 93468 | Zot:5    | Gained mutation: You occasionally lose the ability to read
                  | scrolls when taking damage. [mutagenic glow]
 93491 | Zot:5    | Gained mutation: You sometimes lose your temper in combat.
                  | [mutagenic glow]
 93689 | Zot:5    | Noticed an orb of fire
 93689 | Zot:5    | Gained mutation: Armour fits poorly on your strangely
                  | shaped body. [an orb of fire]
 93691 | Zot:5    | Gained mutation: You are weak. (Str -2) [an orb of fire]
 93694 | Zot:5    | Killed an orb of fire
 93713 | Zot:5    | Lost mutation: You are partially covered in iridescent
                  | scales. (AC +2) [potion of mutation]
 93713 | Zot:5    | Lost mutation: Armour fits poorly on your strangely shaped
                  | body. [potion of mutation]
 93713 | Zot:5    | Lost mutation: You are weak. (Str -2) [potion of mutation]
 93713 | Zot:5    | Gained mutation: Your body sometimes deteriorates upon
                  | taking damage. [potion of mutation]
 93714 | Zot:5    | Lost mutation: You sometimes lose your temper in combat.
                  | [potion of mutation]
 93714 | Zot:5    | Lost mutation: Your body sometimes deteriorates upon taking
                  | damage. [potion of mutation]
 93714 | Zot:5    | Gained mutation: You are partially covered in iridescent
                  | scales. (AC +2) [potion of mutation]
 93714 | Zot:5    | Gained mutation: You have an increased reservoir of magic.
                  | (+10% MP) [potion of mutation]
 93714 | Zot:5    | Gained mutation: You passively map a small area around you.
                  | [potion of mutation]
 93715 | Zot:5    | Lost mutation: You are partially covered in iridescent
                  | scales. (AC +2) [potion of mutation]
 93715 | Zot:5    | Lost mutation: You passively map a small area around you.
                  | [potion of mutation]
 93715 | Zot:5    | Lost mutation: You have an increased reservoir of magic.
                  | (+10% MP) [potion of mutation]
 93715 | Zot:5    | Gained mutation: You are partially covered in large bone
                  | plates. (SH +4) [potion of mutation]
 93715 | Zot:5    | Gained mutation: You have large cloven feet. [potion of
                  | mutation]
 93715 | Zot:5    | Gained mutation: You are frail. (-10% HP) [potion of
                  | mutation]
 93715 | Zot:5    | Gained mutation: You have a pair of small horns on your
                  | head. [potion of mutation]
 93716 | Zot:5    | Lost mutation: You are partially covered in large bone
                  | plates. (SH +4) [potion of mutation]
 93716 | Zot:5    | Lost mutation: You have a pair of small horns on your head.
                  | [potion of mutation]
 93716 | Zot:5    | Lost mutation: You are frail. (-10% HP) [potion of
                  | mutation]
 93716 | Zot:5    | Gained mutation: You have a pair of small horns on your
                  | head. [potion of mutation]
 93716 | Zot:5    | Gained mutation: You occasionally shout uncontrollably at
                  | your foes. [potion of mutation]
 93717 | Zot:5    | Lost mutation: You occasionally shout uncontrollably at
                  | your foes. [potion of mutation]
 93717 | Zot:5    | Lost mutation: You occasionally lose the ability to read
                  | scrolls when taking damage. [potion of mutation]
 93717 | Zot:5    | Lost mutation: You have a pair of small horns on your head.
                  | [potion of mutation]
 93717 | Zot:5    | Lost mutation: You have large cloven feet. [potion of
                  | mutation]
 93717 | Zot:5    | Gained mutation: You have a somewhat thin skeletal
                  | structure. (Dex +2, Stealth+) [potion of mutation]
 93717 | Zot:5    | Gained mutation: You have hidden genetic potential. [potion
                  | of mutation]
 93717 | Zot:5    | Gained mutation: Your muscles are strong. (Str +4, Int/Dex
                  | -1) [potion of mutation]
 93740 | Zot:5    | Noticed an ancient lich
 93744 | Zot:5    | Killed an ancient lich
 93823 | Zot:5    | Reached skill level 20 in Spellcasting
 93934 | Zot:5    | Noticed an orb of fire
 93939 | Zot:5    | Gained mutation: You sometimes lose your temper in combat.
                  | [an orb of fire]
 93944 | Zot:5    | Killed an orb of fire
 94003 | Zot:5    | Noticed an ancient lich
 94008 | Zot:5    | Killed an ancient lich
 94230 | Zot:5    | Noticed an ancient lich
 94236 | Zot:5    | Killed an ancient lich
 94267 | Zot:5    | Noticed an ancient lich
 94278 | Zot:5    | Killed an ancient lich
 94432 | Zot:5    | Noticed an ancient lich
 94436 | Zot:5    | Killed an ancient lich
 94698 | Zot:5    | Noticed an ancient lich
 94707 | Zot:5    | Killed an ancient lich
 94717 | Zot:5    | Noticed an ancient lich
 94722 | Zot:5    | Killed an ancient lich
 94947 | Zot:5    | Identified the +4 shortbow "Roipneck" {flame, rElec Str+2
                  | Int-4}
 95421 | Pan      | Entered Pandemonium
 95631 | Pan      | Found a glowing silver altar of Zin.
 96839 | Pan      | Gained mutation: You passively map a small area around you.
                  | [hidden potential]
 96998 | Pan      | Found a white marble altar of Elyvilon.
 97082 | Pan      | Reached skill level 10 in Armour
 97361 | Pan      | Identified the +5 tower shield "Elograix" {Rampage Str+6
                  | Int-5 SInv}
 98249 | Pan      | Identified the +0 buckler of the Hall of Blades {rElec
                  | Regen+ Dex+3 Slay-6}
 99115 | Pan      | Reached skill level 21 in Spellcasting
 99200 | Pan      | Identified the ring "Vebujin" {Fire rN+ Int+3 Dex+5}
 99285 | Pan      | Identified the +11 short sword of Pugeast {flame, Stlth+}
 99300 | Pan      | Identified the +2 robe of Chill Winds {rCorr}
 99300 | Pan      | Identified the amulet of the Tempest {Acrobat Will+ Int+3
                  | Dex+4 Slay-6}
 99303 | Pan      | Noticed a seraph
 99310 | Pan      | Killed a seraph
 99316 | Pan      | Found a glowing golden altar of the Shining One.
 99345 | Pan      | Identified the +6 rapier "Sukaonguor" {freeze, rN+ Str-5
                  | Int+3 Stlth+}
 99347 | Pan      | Got the Grimoire of the Barnacle
 99359 | Pan      | Got a demonic rune of Zot
 99364 | Pan      | Identified the +6 mace "Cengoikk" {drain, rElec rF++}
 99622 | Pan      | Learned a level 9 spell: Fire Storm
 99838 | Pan      | Found a transporter.
100105 | Pan      | Identified the ring "Moqyen" {Will+ MP+9}
100176 | Pan      | Found a transporter.
100176 | Pan      | Found a transporter.
100637 | Pan      | Identified the beast talisman of Terror {Str+2 Int+2 Dex+3}
100675 | Pan      | Found a transporter.
100675 | Pan      | Identified the staff "Titiguyf" {rPois Dex+4 SInv Poison}
100689 | Pan      | Found a transporter.
101230 | Pan      | Identified the +1 hat of Winter {rF+}
101639 | Pan      | Gained mutation: Your magical capacity is low. (-10% MP) [a
                  | neqoxec]
101640 | Pan      | Gained mutation: Armour fits poorly on your strangely
                  | shaped body. [a neqoxec]
101646 | Pan      | Gained mutation: You have sharp fingernails. [hidden
                  | potential]
101646 | Pan      | Lost mutation: You have hidden genetic potential. [hidden
                  | potential expressed]
101868 | Pan      | Noticed Ninlekka the pandemonium lord
101877 | Pan      | Killed Ninlekka the pandemonium lord
102250 | Pan      | Upgraded the game from 0.31-a0-1165-g196b491b36 to
                  | 0.31-a0-1172-g9944ec47dd
102624 | Pan      | Entered the realm of Cerebov.
102683 | Pan      | Reached skill level 1 in Throwing
102856 | Pan      | Reached skill level 15 in Fire Magic
103647 | Pan      | Reached skill level 5 in Throwing
103865 | Pan      | Identified the ring of Afas {rC+ Will+ Str+2 Dex+4}
103916 | Pan      | Identified the staff of Deformation {Fly rElec rC+ Str+4
                  | Air}
104028 | Pan      | Identified the +6 sling of Destiny {freeze, rElec rC+}
104146 | Pan      | Identified the +0 hand axe "Leviticus" {vamp, rF+ Dex+3
                  | Stlth+}
104282 | Pan      | Identified the +3 shortbow of Evisceration {drain, Int-4
                  | Dex+4 Stlth+}
104287 | Pan      | Identified the ring "Ekkausm" {Int+3 SInv}
104400 | Pan      | Found the +6 sword of Cerebov {flame}
104400 | Pan      | Noticed Cerebov
104421 | Pan      | Killed Cerebov
104564 | Pan      | Got a fiery rune of Zot
105079 | Pan      | Entered the realm of Mnoleg.
105104 | Pan      | Gained mutation: You occasionally lose the ability to drink
                  | potions when taking damage. [a neqoxec]
105318 | Pan      | Reached skill level 22 in Spellcasting
105369 | Pan      | Lost mutation: Your muscles are strong. (Str +4, Int/Dex
                  | -1) [a cacodemon]
105371 | Pan      | Gained mutation: You are weak. (Str -2) [a cacodemon]
105433 | Pan      | Noticed Mnoleg
105433 | Pan      | Lost mutation: You occasionally lose the ability to drink
                  | potions when taking damage. [a cacodemon]
105441 | Pan      | Gained mutation: You are clumsy. (Dex -2) [a cacodemon]
105460 | Pan      | Gained mutation: You have an uncontrollable temper. [a
                  | shining eye]
105464 | Pan      | Killed Mnoleg
105488 | Pan      | Gained mutation: You occasionally lose the ability to drink
                  | potions when taking damage. [a neqoxec]
105501 | Pan      | Gained mutation: Your body sometimes deteriorates upon
                  | taking damage. [a neqoxec]
105990 | Pan      | Gained mutation: You are vulnerable to heat. (rF-) [a
                  | cacodemon]
106300 | Pan      | Gained mutation: Your spells are a little easier to cast,
                  | but a little less powerful. [a cacodemon]
106305 | Pan      | Gained mutation: You occasionally lose the ability to read
                  | scrolls when taking damage. [a neqoxec]
106659 | Pan      | Identified the +3 war axe of Doors {speed, Fragile rC-
                  | Str+8}
106711 | Pan      | Got a glowing rune of Zot
106801 | Pan      | Found an exit through the horrors of the Abyss.
106847 | Pan      | Entered the realm of Lom Lobon.
107400 | Pan      | Noticed Lom Lobon
107417 | Pan      | Killed Lom Lobon
107484 | Pan      | Got a magical rune of Zot
107898 | Pan      | Noticed Ignacio
107906 | Pan      | Killed Ignacio
108000 | Pan      | Reached skill level 5 in Dodging
108400 | Pan      | Found an exit through the horrors of the Abyss.
109099 | Pan      | Noticed Adghuonk the pandemonium lord
109109 | Pan      | Killed Adghuonk the pandemonium lord
109762 | Pan      | Took an exit into the Abyss.
109762 | Abyss:1  | Escaped into the Abyss
110044 | Abyss:1  | Found a corrupted altar of Lugonu.
110097 | Abyss:1  | Found a corrupted altar of Lugonu.
110181 | Abyss:1  | Found a corrupted altar of Lugonu.
110182 | Abyss:1  | Found a corrupted altar of Lugonu.
110182 | Abyss:1  | Found a corrupted altar of Lugonu.
110313 | Depths:2 | Escaped the Abyss
110410 | Depths:2 | Bought the ring of Peorip {Wiz rF+ Will- Str+7} for 1035
                  | gold pieces
111248 | Hell     | Entered the Vestibule of Hell
111248 | Hell     | Noticed Geryon
111668 | Hell     | Reached skill level 23 in Spellcasting
111748 | Hell     | Killed Geryon
112128 | Hell     | Found a gateway to the Iron City of Dis.
112217 | Hell     | Found a gateway to the ashen valley of Gehenna.
112426 | Hell     | Found a gateway to the decaying netherworld of Tartarus.
112480 | Hell     | Found a gateway to the freezing wastes of Cocytus.
112578 | Dis:1    | Entered Level 1 of the Iron City of Dis
112904 | Depths:2 | Bought a scroll of acquirement for 1092 gold pieces
112904 | Depths:2 | Bought 3 scrolls of blinking for 472 gold pieces
112912 | Depths:2 | Bought a scroll of enchant armour for 127 gold pieces
112916 | Depths:2 | Lost mutation: You are vulnerable to heat. (rF-) [potion of
                  | mutation]
112916 | Depths:2 | Lost mutation: You occasionally lose the ability to drink
                  | potions when taking damage. [potion of mutation]
112916 | Depths:2 | Lost mutation: Your magical capacity is low. (-10% MP)
                  | [potion of mutation]
112916 | Depths:2 | Lost mutation: You have an uncontrollable temper. [potion
                  | of mutation]
112916 | Depths:2 | Gained mutation: You passively dampen the noise of your
                  | surroundings. [potion of mutation]
112923 | Pan      | Entered Pandemonium
112923 | Pan      | Found an exit through the horrors of the Abyss.
112991 | Pan      | Paralysed by accursed screaming for 1 turns
113696 | Pan      | Noticed Muykoosch the pandemonium lord
113700 | Pan      | Killed Muykoosch the pandemonium lord
114176 | Pan      | Gained mutation: Your spells are easier to cast, but less
                  | powerful. [a cacodemon]
114736 | Pan      | Entered the realm of Gloorx Vloq.
114737 | Pan      | Acquired the ring "Rynluip" {Contam Drain rElec rC++ Int+6}
116323 | Pan      | Identified the amulet "Ysiymis" {Reflect rPois SH+5 SInv
                  | Stlth+}
116347 | Pan      | Noticed Gloorx Vloq
116360 | Pan      | Killed Gloorx Vloq
116490 | Pan      | Got a dark rune of Zot
116911 | Pan      | Noticed Jonif the pandemonium lord
116922 | Pan      | Killed Jonif the pandemonium lord
118181 | Depths:2 | Escaped Pandemonium
118413 | D:11     | Killed jasper's ghost
119030 | Depths:3 | Killed a juggernaut
119033 | Depths:3 | Killed Cyommoer's ghost
119058 | Depths:3 | Identified the +0 plate armour of Rodghaut {-Tele Str+2
                  | Dex+8}
119064 | Depths:3 | Got Niutt's Opusculum on Allied Combat Magic
119488 | D:4      | Killed javelincjr's ghost
120133 | Vaults:2 | Killed HilariousDeathArtist's ghost
120134 | Vaults:2 | Reached skill level 10 in Dodging
120224 | Vaults:5 | Entered Level 5 of the Vaults
120233 | Vaults:5 | Reached skill level 24 in Spellcasting
120456 | Vaults:5 | Noticed a dread lich
120460 | Vaults:5 | Killed a dread lich
120884 | Vaults:5 | Got a silver rune of Zot
121391 | Vaults:5 | Identified the ring "Ciatunn" {rPois rF+ Int-4 SInv}
121598 | Vaults:5 | Identified the +4 battleaxe of Fragile Peace {venom, rPois
                  | rN+ Dex+3}
121612 | Vaults:5 | Identified the +0 robe of Wyetoh {rElec Str+4 Slay+3
                  | Stlth+}
121733 | Vaults:5 | Got Uxeax's Guide on the Hurtful Chill
121924 | Vaults:5 | Identified the +9 falchion "Timpih" {freeze, Contam rC++
                  | Int+4}
121995 | Vaults:5 | Identified the +0 war axe of the Final Decision {freeze,
                  | rN+}
122278 | Vaults:5 | Found Vuqigam's Jewellery Shoppe.
122804 | Depths:3 | Learned a level 8 spell: Ignition
122820 | Zig:1    | Entered Level 1 of a ziggurat
122857 | Zig:2    | Entered Level 2 of a ziggurat
122915 | Zig:3    | Entered Level 3 of a ziggurat
122999 | Zig:4    | Entered Level 4 of a ziggurat
123047 | Zig:5    | Entered Level 5 of a ziggurat
123110 | Zig:5    | Identified the ring of Itaudd {Will+ rCorr}
123139 | Zig:5    | Acquired 988 gold pieces
123145 | Zig:6    | Entered Level 6 of a ziggurat
123237 | Zig:6    | Reached skill level 15 in Armour
123241 | Zig:7    | Entered Level 7 of a ziggurat
123276 | Zig:7    | Identified the +3 bardiche of Uskayaw's Whim {pain,
                  | *Corrode Will+ Int+7}
123288 | Zig:7    | Identified the ring of Liberalism {rPois Will- MP+9 Int+4
                  | Dex+3}
123317 | Zig:8    | Entered Level 8 of a ziggurat
123324 | Zig:8    | Noticed Gozuvocsu the pandemonium lord
123329 | Zig:8    | Killed Gozuvocsu the pandemonium lord
123582 | Zig:8    | Identified the ring "Gakhe" {rC+ Str+2 Slay+4}
123603 | Zig:8    | Identified the +0 dagger of Pestilence {flame, MP+9 Int+5}
123650 | Zig:9    | Entered Level 9 of a ziggurat
123658 | Zig:9    | Noticed a royal mummy
123663 | Zig:9    | Noticed a royal mummy
123663 | Zig:9    | Killed a royal mummy
123666 | Zig:9    | Killed a royal mummy
123699 | Zig:9    | Identified the +4 great sword "Paetz" {elec, rN+ Will+
                  | Str+4}
123732 | Zig:10   | Entered Level 10 of a ziggurat
123740 | Zig:10   | Noticed a dread lich
123740 | Zig:10   | Found the +2 Maxwell's thermic engine {flame, freeze, rev}
123740 | Zig:10   | Found the +8 pair of quick blades "Gyre" and "Gimble"
                  | {protect}
123743 | Zig:10   | Killed a dread lich
123777 | Zig:10   | Got the Grimoire of Blinking Battling
123778 | Zig:10   | Identified the +7 shortbow of Pestilence {drain, rPois
                  | rC++}
123785 | Zig:10   | Identified the +1 leather armour "Zahiff" {rF- Str+3 Dex+5}
123805 | Zig:11   | Entered Level 11 of a ziggurat
123895 | Zig:12   | Entered Level 12 of a ziggurat
123904 | Zig:12   | Noticed an ancient lich
123905 | Zig:12   | Noticed an ancient lich
123908 | Zig:12   | Killed an ancient lich
123909 | Zig:12   | Killed an ancient lich
124013 | Zig:12   | Got the Notes on Undead Sidekicks
124028 | Zig:13   | Entered Level 13 of a ziggurat
124117 | Zig:13   | Got the Grimoire of Shivering Anemomancy
124121 | Zig:13   | Reached skill level 25 in Spellcasting
124227 | Zig:14   | Entered Level 14 of a ziggurat
124240 | Zig:14   | Found the +7 lajatang of Order {silver, rMut}
124349 | Zig:14   | Identified the +0 robe of the Baker {rElec Will++ Int-2
                  | SInv}
124438 | Zig:15   | Entered Level 15 of a ziggurat
124583 | Zig:15   | Identified the +4 chain mail of Boredom {Fly}
124597 | Zig:15   | Identified the staff "Ninweuwu" {rElec rPois rC+ rN+ SInv
                  | Air}
124607 | Zig:15   | Got Bamora's Codex of Beckoning and the Jinx
124654 | Zig:16   | Entered Level 16 of a ziggurat
124662 | Zig:16   | Noticed an orb of fire
124662 | Zig:16   | Noticed an orb of fire
124667 | Zig:16   | Gained mutation: You passively map the area around you. [an
                  | orb of fire]
124673 | Zig:16   | Noticed an orb of fire
124674 | Zig:16   | Killed an orb of fire
124674 | Zig:16   | Gained mutation: You have an uncontrollable temper. [an orb
                  | of fire]
124675 | Zig:16   | Killed an orb of fire
124678 | Zig:16   | Gained mutation: You are frail. (-10% HP) [an orb of fire]
124681 | Zig:16   | Killed an orb of fire
124862 | Zig:16   | Identified the staff of Disgust {rF+ MP+9 Str+3 Conj}
124947 | Zig:17   | Entered Level 17 of a ziggurat
124956 | Zig:17   | Found the +16 obsidian axe {drain, demonic, Mesm Drain Fly
                  | SInv}
125134 | Zig:17   | Identified the +9 sling of Ragnarok {elec, rF- Str+3 Dex+4}
125150 | Zig:17   | Identified the +4 robe of Immorality {Int+3 Slay+3}
125152 | Zig:17   | Identified the +1 dagger "Geischeit" {freeze, Int+5}
125153 | Zig:17   | Identified the +4 scale mail of Words of Power {rF+}
125206 | Zig:18   | Entered Level 18 of a ziggurat
125283 | Zig:18   | Noticed a royal mummy
125313 | Zig:18   | Noticed a royal mummy
125318 | Zig:18   | Killed a royal mummy
125323 | Zig:18   | Killed a royal mummy
125328 | Zig:18   | Noticed a royal mummy
125342 | Zig:18   | Killed a royal mummy
125356 | Zig:18   | Noticed a royal mummy
125367 | Zig:18   | Killed a royal mummy
125578 | Zig:19   | Entered Level 19 of a ziggurat
125649 | Zig:19   | Found the +10 zealot's sword {holy, Zealotry, *Rage rN+
                  | EV+3}
125741 | Zig:19   | Identified the +1 robe of Xaleeto {Rampage Str+2 Int+3}
125751 | Zig:19   | Identified the +3 leather armour "Oticoly" {+Inv Will+
                  | rCorr Dex+4}
125752 | Zig:19   | Identified the +8 plate armour "Rang" {-Cast rN++ Str+5}
125904 | Zig:20   | Entered Level 20 of a ziggurat
125935 | Zig:20   | Noticed an ancient lich
125943 | Zig:20   | Noticed a dread lich
125945 | Zig:20   | Killed a dread lich
125945 | Zig:20   | Killed an ancient lich
125953 | Zig:20   | Noticed a dread lich
125954 | Zig:20   | Reached skill level 26 in Spellcasting
125956 | Zig:20   | Noticed a dread lich
125957 | Zig:20   | Killed a dread lich
125957 | Zig:20   | Killed a dread lich
125962 | Zig:20   | Noticed a dread lich
125966 | Zig:20   | Noticed an ancient lich
125969 | Zig:20   | Killed a dread lich
125989 | Zig:20   | Killed an ancient lich
126098 | Zig:20   | Found the +7 mace of Variability {chaos, chaos arc}
126104 | Zig:20   | Identified the +9 war axe "Xeonob" {freeze, rN+ SInv}
126120 | Zig:20   | Identified the +3 chain mail "Ygan" {Int+3}
126143 | Zig:21   | Entered Level 21 of a ziggurat
126191 | Zig:21   | Noticed an ancient lich
126206 | Zig:21   | Identified the +2 morningstar "Muavics" {pain, Fly rCorr
                  | Int-4}
126208 | Zig:21   | Identified the staff of World Downfall {*Corrode rF+ rC+
                  | Summ Ice}
126220 | Zig:21   | Killed an ancient lich
126229 | Zig:22   | Entered Level 22 of a ziggurat
126307 | Zig:22   | Reached skill level 15 in Dodging
126324 | Zig:22   | Reached skill level 15 in Stealth
126475 | Zig:22   | Identified the +9 acid dragon scales "Vakacire" {rF+++ rC++
                  | rCorr Stlth-}
126476 | Zig:22   | Identified the +4 trident of Doaberit {flame, rC+ rN+ MP+9
                  | Int+3}
126514 | Zig:22   | Identified the +1 battleaxe "Toepnedgh" {antimagic, rF+
                  | Stlth+}
126518 | Zig:22   | Identified the staff of Uskayaw's Anger {rF- Conj Hexes
                  | Poison}
126519 | Zig:22   | Identified the ring "Ackioc" {rF+ Int+4}
126522 | Zig:22   | Identified the dragon-blood talisman "Ressety" {+Blink
                  | Int+5}
126602 | Zig:22   | Lost mutation: Your spells are easier to cast, but less
                  | powerful. [potion of mutation]
126602 | Zig:22   | Lost mutation: You are frail. (-10% HP) [potion of
                  | mutation]
126602 | Zig:22   | Lost mutation: Your spells are a little easier to cast, but
                  | a little less powerful. [potion of mutation]
126602 | Zig:22   | Gained mutation: You are very clumsy. (Dex -4) [potion of
                  | mutation]
126603 | Zig:22   | Lost mutation: You passively dampen the noise of your
                  | surroundings. [potion of mutation]
126603 | Zig:22   | Lost mutation: You are weak. (Str -2) [potion of mutation]
126603 | Zig:22   | Lost mutation: Your body sometimes deteriorates upon taking
                  | damage. [potion of mutation]
126603 | Zig:22   | Gained mutation: You have an increased reservoir of magic.
                  | (+10% MP) [potion of mutation]
126604 | Zig:22   | Lost mutation: You are very clumsy. (Dex -4) [potion of
                  | mutation]
126604 | Zig:22   | Lost mutation: You have an increased reservoir of magic.
                  | (+10% MP) [potion of mutation]
126604 | Zig:22   | Lost mutation: You have sharp fingernails. [potion of
                  | mutation]
126604 | Zig:22   | Lost mutation: You occasionally lose the ability to read
                  | scrolls when taking damage. [potion of mutation]
126604 | Zig:22   | Gained mutation: Your flesh is heat resistant. (rF+)
                  | [potion of mutation]
126604 | Zig:22   | Lost mutation: You have an uncontrollable temper. [potion
                  | of mutation]
126626 | Zig:23   | Entered Level 23 of a ziggurat
126852 | Zig:23   | Found the +4 robe of Folly {Brill Will-∞ Int+8}
126923 | Zig:24   | Entered Level 24 of a ziggurat
126960 | Zig:24   | Noticed an ancient lich
126963 | Zig:24   | Killed an ancient lich
127114 | Zig:24   | Got the Vellum of Infected Hurting
127122 | Zig:24   | Identified the ring of Dioxzav {rF+ Will+ Dex+4}
127123 | Zig:24   | Identified the +8 spear of Incongruity {venom, Str+3}
127134 | Zig:24   | Identified the ring "Kaczy" {Str+3 Int+6 Dex+5}
127207 | Zig:25   | Entered Level 25 of a ziggurat
127425 | Zig:25   | Identified the amulet of Kikubaaqudgha, Forging {Faith
                  | rElec rC++}
127429 | Zig:25   | Identified the +10 dagger of Ashenzari's Reproof {flame,
                  | rPois Dex+2 SInv}
127438 | Zig:25   | Identified the +4 robe "Wiomm" {Str+6}
127459 | Zig:25   | Identified the +6 scimitar "Seguud" {holy, rCorr Int+2}
127460 | Zig:25   | Identified the +4 scale mail of Noughts and Crosses {Int+6}
127471 | Zig:26   | Entered Level 26 of a ziggurat
127497 | Zig:26   | Noticed Seuss the pandemonium lord
127508 | Zig:26   | Killed Seuss the pandemonium lord
127533 | Zig:26   | Reached skill level 27 in Spellcasting
127778 | Zig:26   | Identified the ring of Selodgh {rN+ Str+4 Int+3}
127842 | Zig:27   | Entered Level 27 of a ziggurat
127876 | Zig:27   | Found the necklace of Bloodlust {Fury *Rage Will++ Int-3
                  | Slay+6}
128075 | Zig:27   | Identified the staff "Inunus" {rC+ Str+3 Ice}
128078 | Zig:27   | Identified the staff "Tor Sain" {Drain rC+++ Int-3 Dex+4
                  | Earth}
128083 | Zig:27   | Identified the +9 sling of Valour {drain, Str+5}
128088 | Zig:27   | Identified the +8 great mace "Ruezusch" {elec, Fragile
                  | rPois rCorr Str+3 Dex+4}
128098 | Zig:27   | Identified the staff of Niehav {rPois Will+ Dex+3 Poison}
128102 | Zig:27   | Identified the +11 hand cannon of Dakhoc {penet, rN+ Dex+3}
128120 | Zig:27   | Identified the +2 rapier of Domination {freeze, rElec Will+
                  | Str+4}
128292 | Depths:2 | Lost mutation: You are clumsy. (Dex -2) [potion of
                  | mutation]
128292 | Depths:2 | Lost mutation: You have a somewhat thin skeletal structure.
                  | (Dex +2, Stealth+) [potion of mutation]
128292 | Depths:2 | Lost mutation: You sometimes lose your temper in combat.
                  | [potion of mutation]
128292 | Depths:2 | Gained mutation: You occasionally shout uncontrollably at
                  | your foes. [potion of mutation]
128292 | Depths:2 | Gained mutation: You are frail. (-10% HP) [potion of
                  | mutation]
128292 | Depths:2 | Gained mutation: You are agile. (Dex +4, Str/Int -1)
                  | [potion of mutation]
128293 | Depths:2 | Lost mutation: You are agile. (Dex +4, Str/Int -1) [potion
                  | of mutation]
128293 | Depths:2 | Lost mutation: Armour fits poorly on your strangely shaped
                  | body. [potion of mutation]
128293 | Depths:2 | Gained mutation: You are somewhat resistant to further
                  | mutation. [potion of mutation]
128304 | Depths:2 | Bought an ancient golden ring for 130 gold pieces
128304 | Depths:2 | Identified the ring "Ybueteg" {rElec rC+ SInv} (You bought
                  | it in a shop on level 2 of the Depths)
128304 | Depths:2 | Bought a potion of heal wounds for 130 gold pieces
128304 | Depths:2 | Bought a potion of haste for 260 gold pieces
128306 | Depths:2 | Bought a potion of haste for 430 gold pieces
128404 | Geh:1    | Entered Level 1 of Gehenna
130694 | Geh:6    | Noticed an ancient lich
130713 | Geh:6    | Killed an ancient lich
130716 | Geh:6    | Noticed an ancient lich
130738 | Geh:6    | Killed an ancient lich
131031 | Geh:7    | Entered Level 7 of Gehenna
131766 | Geh:7    | Identified the ring of Oqas {rC+ Dex+2}
132495 | Geh:7    | Identified the +12 morningstar of Plague {venom, rN+ rCorr}
132526 | Geh:7    | Found the +13 sceptre of Asmodeus
132526 | Geh:7    | Noticed Asmodeus
132542 | Geh:7    | Killed Asmodeus
132564 | Geh:7    | Identified the +3 flail of Extinguishment {freeze, rF+ rN++
                  | Dex+2}
132566 | Geh:7    | Got an obsidian rune of Zot
132713 | Hell     | Learned a level 9 spell: Chain Lightning
133801 | Dis:5    | You are sucked into a shaft and drop 1 floor!
133832 | Dis:6    | Killed from afar by a Hell Sentinel

Illustrated notes

Levels and vault maps discovered:
D:1:      sevenhm_arrival_forest_fort_small_4, layout_basic
D:2:      layout_basic, basic_altar, ebering_ecumenical_altar_webs,
          minmay_statues_item
D:3:      layout_loops_corners, uniq_ijyb, uniq_natasha
D:4:      layout_loops_corners, gammafunk_ghost_abyssal_escape,
          uniq_blork_the_orc, uniq_sigmund
D:5:      layout_basic, minmay_temple_entry_glass, moated_statue
D:6:      layout_rooms, gammafunk_temple_overflow_arena, uniq_maggie,
          uniq_grinder
D:7:      layout_loops_ring, chequers_big_river
D:8:      layout_rooms, nicolae_concentric_dashed_squares_wild, billiards_dpeg
D:9:      layout_roguey, minmay_overflow_temple_star_hex,
          serial_library_hellmonk_room_b, kennysheep_generic_room_10
D:10:     layout_cave_pools, dpeg_lair_monsters, serial_ice, serial_ice_n,
          serial_ice_b, serial_ice_a, serial_ice_c,
          nicolae_shop_distant_corner_stores, chequers_serial_rivers_small_b,
          minivault_27, grunt_decor_one_mirror
D:11:     layout_roguey, gammafunk_ghost_nasty_kobolds
D:12:     layout_cave_pods, orc_0_dummy, grunt_ministairs_4,
          chequers_serial_rivers_small_a, nicolae_fountain_basement, uniq_nessos
D:13:     layout_roguey
D:14:     layout_roguey, hellmonk_vaults_keyhole, ebering_dispersal_statue_hall,
          nicolae_kikubaaqudgha_miasma_corner, uniq_azrael, uniq_roxanne
D:15:     hellmonk_depths_entry_around_the_bend, layout_irregular_city,
          hellmonk_ghost_happy_afterlife, skrybe_limestone_x, hex_medium
Temple:   minmay_temple_bridge_d
Lair:1:   layout_cave_pods, grunt_megastairs_5
Lair:2:   layout_cave_pods, mainiacjoe_shoals_entry_four_pools, st_stairs_5
Lair:3:   layout_chaotic_city, alex1729_snake_entry_snake
Lair:4:   layout_cellular_growth, slime_entry_1, gammafunk_ghost_necromancy
Lair:5:   hangedman_lair_in_review, layout_regular_city
Shoals:1: layout_shoals, nicolae_shoals_water_booths
Shoals:2: gammafunk_sealed_arena, layout_shoals, nicolae_shoals_wave_tunnel,
          uniq_donald
Shoals:3: layout_shoals, uniq_ilsuiw
Shoals:4: shoals_end_grunt_garden, layout_shoals, serial_shops, shop_fountains,
          nicolae_shoals_arrival_archipelago
Snake:1:  minmay_snake_river, layout_layer_cave, eino_curves_01, uniq_frances,
          uniq_aizul, uniq_josephine
Snake:2:  layout_rooms, basic_altar, serial_bayou_crossing, minmay_shop_star
Snake:3:  layout_chambers, drop_trap, nicolae_snake_the_dead_are_slithering
Snake:4:  minmay_snake_end_coiled, layout_cave_town, grunt_ministairs_2,
          serial_library_hellmonk_reading_circle, st_stairs_6,
          chequers_hall_statues_y, uniq_louise
Slime:1:  layout_caves, nicolae_slime_phagocytosis
Slime:2:  layout_caves, basic_altar
Slime:3:  cheibrodos_slime_lost_civilization_1, layout_caves,
          nicolae_slime_round_cave
Slime:4:  layout_caves
Slime:5:  slime_pit_nicolae_royal_road_to_ruin
Orc:1:    layout_caves, portal_ice_cave_entry_ice_simulacra, serial_shops, shop,
          nicolae_orc_rich_vein, uniq_maurice
Orc:2:    grunt_orc_cross, layout_caves, nicolae_shop_self_help
Elf:1:    layout_onion_city, orc_legates, uniq_asterion
Elf:2:    nicolae_elf_blades_splatter_lattice
          [nicolae_blade_entry_sentries_behind_glass], layout_gridlike,
          basic_altar, serial_shops, nicolae_shop_rolling_square,
          nicolae_square_shop, shop
Elf:3:    elf_hall_gauntlet_narrow, layout_geoelf_castle, guppyfry_library_mini
Vaults:1: nicolae_vaults_steering_wheel, vaults_room_fours,
          nicolae_vaults_wine_cellar, grunt_vaults_bifocal, v_pattern_4,
          ontoclasm_vaults_misaligned, vaults_standard_mumra_x,
          vaults_dpeg_ring, dpeg_vaults_monster_box, nicolae_vaults_diamond_2,
          grunt_vaults_hallway_long, nicolae_vaults_tetromino_Z_1,
          nicolae_vaults_shelves_hall, layout_vaults_big_cross,
          nicolae_trove_entry_crystal
Vaults:2: gammafunk_ghost_split, hangedman_vaults_stagger,
          nicolae_vaults_trapezoid_4, nicolae_vaults_more_shelving_2,
          vaults_room_fours, nicolae_vaults_octothorpe, v_misc_9,
          vaults_room_grid, vaults_room_fours, nicolae_vaults_tetromino_L_1,
          nicolae_vaults_trapezoid_1, layout_vaults_chaotic_city, uniq_frederick
Vaults:3: lightli_enter_wizlab_magi_temple, minmay_crypt_entry_simple_sparse,
          hangedman_vaults_nodes, nicolae_vaults_trapezoid_4,
          hangedman_vaults_corner, nicolae_vaults_closet_pinwheel_6,
          nicolae_vaults_closet_pinwheel_1, st_hourglassy,
          ontoclasm_vaults_misaligned, hangedman_vaults_nails,
          nicolae_vaults_closet_pinwheel_3, nicolae_vaults_hallways_thing,
          nicolae_vaults_trapezoid_lopsided_1, nicolae_vaults_trapezoid_2,
          layout_vaults_maze
Vaults:4: nicolae_vaults_tetromino_L_1, nicolae_vaults_network_square,
          nicolae_vaults_ring_of_whatevers, ontoclasm_vaults_decontamination,
          v_rooms_2, nicolae_vaults_house_1, nicolae_vaults_asterisk,
          nicolae_vaults_little_ls, v_misc_10, nicolae_vaults_network_barrier,
          v_pattern_3, nicolae_vaults_house_2, layout_vaults_omnibox,
          uniq_zenata
Vaults:5: serial_shops
Crypt:1:  layout_rooms, lemuel_statue_altar, pandoras_box_mu
Crypt:2:  layout_basic, minmay_misc_feat_columns
Crypt:3:  grunt_crypt_end_deaths_head
Tomb:1
Depths:1: layout_gridlike, abyss_entry, zin_angel,
          grunt_hell_entry_demonic_statue, chequers_serial_rivers_marsh,
          nicolae_ashenzari_panopticon, uniq_bai_suzhen, uniq_enchantress,
          uniq_norris
Depths:2: grated_community_mu [grated_community_mu_vampire_home,
          grated_community_mu_giant_home, grated_community_mu_spellcaster_home,
          grated_community_mu_orcish_home, grated_community_mu_troll_home,
          grated_community_mu_taur_home, grated_community_mu_unbuilt_plot],
          layout_cave_pools, pan_entry, hangedman_tar_grid_catacomb
Depths:3: minmay_the_grid_3x2 [minmay_the_grid_armoury,
          minmay_the_grid_outer_circle, minmay_the_grid_gridbox,
          minmay_the_grid_holed_spiral, minmay_the_grid_rooms,
          minmay_the_grid_prize_diamond_cup], layout_long_grid,
          enter_ziggurat_f, gammafunk_ghost_arena, lemuel_tele_altar,
          abyss_entry_crystal, serial_sigils, serial_sigils_hangedman_snap,
          serial_sigils_hangedman_scar, serial_sigils_hangedman_leer,
          serial_sigils_hangedman_quiver, hell_entry,
          infiniplex_staircase_river, firewood_loft
Depths:4: grunt_zot_entry_bicorn, layout_long_grid, pf_coc_iceberg,
          patterned_corridor
Hell
Dis:1:    layout_gridville, nicolae_hells_hurtin_island
Dis:2:    layout_overlapping_boxes
Dis:3:    layout_gridville
Dis:4:    layout_gridville, evilmike_ambush [evilmike_ambush_outer_basic,
          evilmike_ambush_inner_wall_1]
Dis:5:    layout_regular_city, minmay_strange_pillars
Dis:6:    layout_jigsaw, nicolae_dis_spooky_hallway
Geh:1:    layout_gehenna_pools_basic, nicolae_geh_niches_of_the_damned
Geh:2:    layout_gehenna_lava_caves
Geh:3:    layout_gehenna_pools_basic
Geh:4:    layout_gehenna_pools_basic
Geh:5:    layout_gehenna_pools_triple
Geh:6:    layout_gehenna_pools_basic
Geh:7:    geh_grunt_pentagon
Zot:1:    regret_index_infernal_bastille, layout_basic, skrybe_zot_glass_3,
          uniq_josephina
Zot:2:    kennysheep_room_grid, layout_twisted_circle
Zot:3:    layout_basic, skrybe_zot_glass_2, grunt_ministairs_3,
          regret_index_zotdec_banners
Zot:4:    layout_basic
Zot:5:    layout_concentric_octagons

Skill      XL: |  1  2  3  4  5  6  7  8  9 10 11 12 13 14 15 16 17 18 19 20 21 22 23 24 25 26 27 |
---------------+----------------------------------------------------------------------------------+-----
Fighting       | 1 2 3 4 6 7 9 10 11 12 13 14 15 16 17 18 19 26 | 26.4
Earth Magic    | 4 5 6 7 9 10 11 12 13 14 15 16 18 19 20 25 | 25.0
Stealth        | 3 4 5 7 8 9 10 11 12 17 | 17.9
Conjurations   | 1 2 3 5 6 7 9 10 12 13 14 15 16 17 18 19 25 | 25.7
Evocations     | 1 4 6 7 8 9 10 11 12 13 19 | 19.2
Spellcasting   | 4 6 7 8 9 10 11 12 13 14 15 16 17 18 27 | 27.0
Air Magic      | 1 5 6 7 |  7.5
Shields        | 2 6 8 10 11 12 13 14 15 16 21 | 21.4
Summonings     | 1 3 5 7 9 10 11 | 11.7
Staves         | 2 5 6 8 9 11 12 | 12.0
Dodging        | 3 17 | 17.0
Armour         | 5 8 23 | 23.3
Fire Magic     | 4 7 25 | 25.5
Translocations | 1 7 |  7.5
Throwing       | 6 |  6.9
Short Blades   | 2 |  2.7
Transmutations | |  0.8

Action                     |  1- 3 |  4- 6 |  7- 9 | 10-12 | 13-15 | 16-18 | 19-21 | 22-24 | 25-27 || total
---------------------------+-------+-------+-------+-------+-------+-------+-------+-------+-------++-------
  Melee: Dagger            |    36 |     9 |       |       |       |       |       |       |       ||    45
         Staff             |       |     4 |    19 |    25 |    87 |   584 |   354 |   439 |  2344 ||  3856
         Punch             |       |       |       |       |     2 |       |       |       |       ||     2
  Throw: Throwing net      |       |       |       |       |     1 |       |       |       |       ||     1
         Dart              |       |       |       |       |       |     5 |       |     3 |       ||     8
   Cast: Sandblast         |    51 |    49 |   155 |   174 |   524 |    11 |     3 |       |       ||   967
         Stone Arrow       |       |     1 |     2 |    64 |   171 |    11 |     3 |     1 |       ||   253
         Brom's Barrelling |       |       |       |     4 |    23 |     1 |     8 |     2 |     2 ||    40
         Arcjolt           |       |       |       |       |    39 |    69 |    66 |    29 |    57 ||   260
         Bombard           |       |       |       |       |    33 |   397 |   387 |   499 |  1388 ||  2704
         Lee's Rapid Decon |       |       |       |       |       |     1 |       |       |     4 ||     5
         Orb of Destructio |       |       |       |       |       |       |     5 |     1 |    15 ||    21
         Borgnjor's Vile C |       |       |       |       |       |       |     4 |    20 |   134 ||   158
         Spellforged Servi |       |       |       |       |       |       |       |    24 |   244 ||   268
         Lehudib's Crystal |       |       |       |       |       |       |       |     4 |   636 ||   640
         Shatter           |       |       |       |       |       |       |       |       |   148 ||   148
         Fire Storm        |       |       |       |       |       |       |       |       |   123 ||   123
         Summon Forest     |       |       |       |       |       |       |       |       |    26 ||    26
         Ignition          |       |       |       |       |       |       |       |       |    24 ||    24
 Invoke: Call Merchant     |       |       |       |       |     3 |     1 |       |     5 |     8 ||    17
         Potion Petition   |       |       |       |       |       |     2 |     4 |     3 |    21 ||    30
  Evoke: Wand              |       |     1 |       |    26 |    30 |    11 |    12 |    10 |    79 ||   169
         Lightning rod     |       |       |       |       |       |    14 |     9 |    14 |    24 ||    61
         Phial of floods   |       |       |       |       |       |     2 |       |     2 |       ||     4
         Phantom mirror    |       |       |       |       |       |       |     2 |     3 |     1 ||     6
         Tin of tremorston |       |       |       |       |       |       |       |     2 |     9 ||    11
    Use: Potion            |       |     1 |     5 |     1 |     2 |     4 |     8 |     6 |    41 ||    68
         Scroll            |       |       |    11 |     7 |    16 |     7 |    12 |     7 |    38 ||    98
   Stab: Sleeping          |       |       |       |       |     1 |     1 |     2 |       |     3 ||     7
         Invisible         |       |       |       |       |       |     3 |     1 |       |     2 ||     6
         Distracted        |       |       |       |       |       |     1 |     4 |     8 |    60 ||    73
 Armour: Robe              |    36 |    33 |    82 |       |       |       |       |       |       ||   151
         Steam dragon scal |       |       |    24 |   190 |   625 |   642 |   269 |       |       ||  1750
         Troll leather arm |       |       |       |       |       |       |   109 |   149 |   129 ||   387
         Acid dragon scale |       |       |       |       |       |       |       |   181 |  1890 ||  2071
         Ring mail         |       |       |       |       |       |       |       |       |   280 ||   280
         Crystal plate arm |       |       |       |       |       |       |       |       |   318 ||   318
  Dodge: Dodged            |    35 |    30 |    71 |   110 |   444 |   500 |   223 |   178 |  1437 ||  3028
         Repelled          |       |       |       |       |       |     6 |     1 |       |       ||     7
  Block: Kite shield       |       |       |       |       |   106 |   561 |   353 |   401 |  3067 ||  4488
         Reflection        |       |       |       |       |       |    68 |    29 |    28 |    92 ||   217

Table legend: (Time is in decaauts)
 A = Elapsed time spent in this place.
 B = Non-inter-level travel time spent in this place.
 C = Inter-level travel time spent in this place.
 D = Time resting spent in this place.
 E = Time spent auto-exploring this place.
 F = Levels seen in this place.
 G = Mean time per level.
                   A        B        C        D        E       F      G
               +--------+--------+--------+--------+--------+-----+--------+
         Total | 134083 | 123067 |  11016 |   6787 |  86674 | 111 | 1208.0 |
       Dungeon |  21295 |  17562 |   3733 |    591 |  14535 |  15 | 1419.7 |
        Temple |    139 |      5 |    134 |      0 |      0 |   1 |  139.0 |
          Lair |   8968 |   7959 |   1009 |    278 |   6408 |   5 | 1793.6 |
        Shoals |   8438 |   8199 |    239 |   1221 |   5713 |   4 | 2109.5 |
     Snake Pit |  10138 |   9862 |    276 |      4 |   8712 |   4 | 2534.5 |
    Slime Pits |   4254 |   3910 |    344 |    374 |   2406 |   5 |  850.8 |
  Orcish Mines |   3575 |   3183 |    392 |    134 |   2348 |   2 | 1787.5 |
   Elven Halls |   5909 |   4970 |    939 |    264 |   3770 |   3 | 1969.7 |
        Vaults |   9922 |   9317 |    605 |    548 |   6932 |   5 | 1984.4 |
         Crypt |   4658 |   4420 |    238 |     36 |   3477 |   3 | 1552.7 |
          Tomb |   1447 |   1342 |    105 |      0 |    945 |   1 | 1447.0 |
        Depths |  11122 |   9060 |   2062 |    965 |   5255 |   4 | 2780.5 |
          Hell |   1249 |   1196 |     53 |    152 |    674 |   1 | 1249.0 |
           Dis |   1151 |   1151 |      0 |      0 |    751 |   6 |  191.8 |
       Gehenna |   4087 |   4087 |      0 |     62 |   3040 |   7 |  583.9 |
           Zot |   9428 |   8548 |    880 |   1164 |   5347 |   5 | 1885.6 |
         Abyss |    577 |    577 |      0 |      0 |    310 |   1 |  577.0 |
   Pandemonium |  19509 |  19509 |      0 |    541 |  12127 |  10 | 1950.9 |
      Ziggurat |   5283 |   5283 |      0 |    257 |   2033 |  27 |  195.7 |
      Ice Cave |    954 |    954 |      0 |    109 |    612 |   1 |  954.0 |
        Wizlab |   1971 |   1971 |      0 |     86 |   1276 |   1 | 1971.0 |
               +--------+--------+--------+--------+--------+-----+--------+

Top non-repeatable levels by time:
Depths:1: 3357 daAuts
Depths:2: 3307 daAuts
 Snake:1: 3294 daAuts
 Snake:4: 3192 daAuts
    D:14: 2614 daAuts
   Zot:5: 2582 daAuts
Shoals:2: 2528 daAuts
Shoals:3: 2469 daAuts
  Lair:5: 2464 daAuts
Vaults:2: 2329 daAuts
Depths:4: 2312 daAuts
   Zot:1: 2254 daAuts
   Orc:2: 2194 daAuts
   Elf:3: 2167 daAuts
Depths:3: 2144 daAuts
